Workbook

Sheet Guidance Notes
L3: Version Control: v1.43 | O3: 45868
I6: Application Form
C10: Low Carbon Heat Grant | I10: - | J10: Round 3.1
C12: Please complete all section 1-5 as listed below:
C14: 1. Applicant Details | H14: Within sections 1-5 the following colour coding applies:
C15: 2. Project Details | H15: Blue cells | I15: = user input
C16: 3. Eligible Cost Breakdown | H16: Green cells | I16: = automatically calculated
C17: 4. Risks
C18: 5. Summary & Declaration
C20: Please refer to Low Carbon Heat Grant Guidance released alongside this form, for eligibility criteria and grant conditions.
C22: Important Notes
C24: This form can be filled in for up to 10 sites, should there be more sites to your application, please fill out another form for these.
C25: Funding will only be granted to applicants that can assure projects can be installed and commissioned by 31st March 2026.
C26: Applications must be supported by a sponsoring director, a signature will be required upon offer letters being provided.
C27: Note that works cannot start until a formal and signed grant award letter is received.
C29: Application Submissions
C31: Please send completed application forms to lowcarbonheat@energyservice.wales
C32: If you have any queries on the application process or the form itself, please use the address above.
C34: Data Sharing Disclaimer
... C43: enquiries@energyservice.wales

Sheet 1. Applicant Details
C2: 1. APPLICANT DETAILS
B10: 1.1 Project Introduction
B12: The Project
D13: Please give a summary of your projects, this should include: - Names of Buildings - Overview of works for each building including technologies - Any relevant background
D15: How many buildings are you applying for: | E15: Please select
B18: Compliance
H19: Pass / Fail
D20: Please confirm your organisation either owns, long term leases, or reports the carbon emissions for these buildings | E20: FALSE | H20: =IF(E20=TRUE, "Pass", "Fail") -> Fail
D22: Please confirm your organisation is retaining the building / lease for at least 10 years | E22: FALSE | H22: =IF(E22=TRUE, "Pass", "Fail") -> Fail
D24: Please confirm the applicant is a Local Authority | E24: FALSE | H24: =IF(E24=TRUE, "Pass", "Fail") -> Fail
D26: Please confirm the proposed works are yet to start | E26: FALSE | H26: =IF(E26=TRUE, "Pass", "Fail") -> Fail
D28: Please confirm the proposed works will be completed by 31st March 2026 | E28: FALSE | H28: =IF(E28=TRUE, "Pass", "Fail") -> Fail
D30: Are any of the projects in this application related to district heating? | E30: Please select
D32: Are any of the projects in this application dependent on another funding stream? If Yes please give details in 3.1. | E32: Please select | H32: {=_xlfn.SWITCH(E32,"Yes","Please give details in '3.Eligible Cost Breakdown'","No","Independent","Please Select","")}
D34: Are any of the projects in this application dependent on the timing of another separate project? If Yes, please give details in 2.6. | E34: Please select | H34: {=_xlfn.SWITCH(E34,"Yes","Please give details in '2.6 Project Timeline' - other ongoing work","No","Independent","Please Select","")}
B36: Project Readiness
D37: Are you intending on delivering these projects via a Re:fit contract? | E37: Please select
D39: Do you have finalised designs? | E39: Please select
D41: Overall, which stage best describes your procurement position. | E41: Please select
D43: Please indicate which stage of the procurement process you are at. Please include: - Has a full tender process been carried out? If not: - How quotes have been obtained so far - Any framework you are going to utilise for the purposes of this work - Your procurement timeline between funding award to appointing a contractor
B45: 1.2 Applicant Details
B47: Organisation
D48: Applicant Organisation
D50: Applicant Address
D52: Applicant Postcode
B54: Key Contact / Applicant
D55: Key Contact Name
D57: Key Contact Job Title
D59: Key Contact Email Address
D61: Key Contact Phone Number
B63: Finance Contact
D64: Finance Contact Name
D66: Finance Contact Job Title
D68: Finance Contact Email Address
D70: Finance Contact Phone Number
B72: Sponsoring Director
D73: Sponsoring Director Name
D75: Sponsoring Director Job Title
D77: Sponsoring Director Email Address
D79: Sponsoring Director Phone Number
B81: Additional Contact 1 (optional)
D82: Role on the Project
D84: Name
D86: Job Title
D88: Email Address
D90: Phone Number
B92: Additional Contact 2 (optional)
D93: Role on the Project
D95: Name
D97: Job Title
D99: Email Address
D101: Phone Number
B104: End of Sheet
E172: Water source heat pump
E173: Ground source heat pump
E174: Air source heat pump
E175: Connection to an existing district heating scheme

Sheet 2. Project Details
D1: FALSE
C2: 2. PROJECT DETAILS | D2: =IF('1. Applicant Details'!E15="Please select","Please specify number of buildings on the '1. Application Details' tab","") -> Please specify number of buildings on the '1. Application Details' tab
C3: =IF('1. Applicant Details'!E15="Please select","Please specify number of buildings on the '1. Applicant Details' tab","") -> Please specify number of buildings on the '1. Applicant Details' tab
C4: 2.1 PLEASE INPUT IN YOUR PRIORITY ORDER >>> | D4: BUILDING ONE | F4: BUILDING TWO | H4: BUILDING THREE | J4: BUILDING FOUR | L4: BUILDING FIVE | N4: BUILDING SIX | P4: BUILDING SEVEN | R4: BUILDING EIGHT | T4: BUILDING NINE | V4: BUILDING TEN | Y4: Hidden for assessment
C6: Building Name
C8: Building Address
C10: Building Postcode
C12: Type of building | D12: Please select | F12: Please select | H12: Please select | J12: Please select | L12: Please select | N12: Please select | P12: Please select | R12: Please select | T12: Please select | V12: Please select
C14: Gross Internal Floor Area of Building (m2)
C16: Confirm you are retaining ownership / lease of this building for at least 10 years | D16: Please select | F16: Please select | H16: Please select | J16: Please select | L16: Please select | N16: Please select | P16: Please select | R16: Please select | T16: Please select | V16: Please select
C18: Is the building in the vicinity of an existing or planned heat network? | D18: Please select | F18: Please select | H18: Please select | J18: Please select | L18: Please select | N18: Please select | P18: Please select | R18: Please select | T18: Please select | V18: Please select
C20: Description of Project: Please include details such as: - The chosen low carbon technology and how this was selected over alternatives - Energy efficiency measures that support a whole building approach
C22: Please detail any future planned upgrade works at the building (include details of electrical works such as onsite generation or EV charging).
B25: 2.2 Existing Heat Technology & Consumption
C27: Is top-up heat (secondary) generation needed for heating? | D27: FALSE | F27: FALSE | H27: FALSE | J27: FALSE | L27: FALSE | N27: FALSE | P27: FALSE | R27: FALSE | T27: FALSE | V27: FALSE
C29: Is further heat generation needed for domestic hot water or other heat use? | D29: FALSE | F29: FALSE | H29: FALSE | J29: FALSE | L29: FALSE | N29: FALSE | P29: FALSE | R29: FALSE | T29: FALSE | V29: FALSE
B31: Existing main heat generation
C33: Existing main heat source in building | D33: Please select | F33: Please select | H33: Please select | J33: Please select | L33: Please select | N33: Please select | P33: Please select | R33: Please select | T33: Please select | V33: Please select
C35: Existing fuel type | D35: Please select | F35: Please select | H35: Please select | J35: Please select | L35: Please select | N35: Please select | P35: Please select | R35: Please select | T35: Please select | V35: Please select
C37: Age of main equipment (years)
C39: Capacity installed (kW heat)
C41: Annual energy use input (kWh) | Y41: =SUM(D41:V41) -> 0
C43: Estimated efficiency of existing heat generation (%)
C45: Estimated annual heat demand output (kWh) | D45: =IF(D43>0,D43*D41,"") | F45: =IF(F43>0,F43*F41,"") | H45: =IF(H43>0,H43*H41,"") | J45: =IF(J43>0,J43*J41,"") | L45: =IF(L43>0,L43*L41,"") | N45: =IF(N43>0,N43*N41,"") | P45: =IF(P43>0,P43*P41,"") | R45: =IF(R43>0,R43*R41,"") | T45: =IF(T43>0,T43*T41,"") | V45: =IF(V43>0,V43*V41,"") | Y45: =SUM(D45:V45) -> 0
C47: Carbon Emissions (kgCO2e) | D47: =D41*_xlfn.XLOOKUP(D35,Calculation_factors!$H$6:$H$13,Calculation_factors!$I$6:$I$13) -> #N/A | F47: =F41*_xlfn.XLOOKUP(F35,Calculation_factors!$H$6:$H$13,Calculation_factors!$I$6:$I$13) -> #N/A | H47: =H41*_xlfn.XLOOKUP(H35,Calculation_factors!$H$6:$H$13,Calculation_factors!$I$6:$I$13) -> #N/A | J47: =J41*_xlfn.XLOOKUP(J35,Calculation_factors!$H$6:$H$13,Calculation_factors!$I$6:$I$13) -> #N/A | L47: =L41*_xlfn.XLOOKUP(L35,Calculation_factors!$H$6:$H$13,Calculation_factors!$I$6:$I$13) -> #N/A | N47: =N41*_xlfn.XLOOKUP(N35,Calculation_factors!$H$6:$H$13,Calculation_factors!$I$6:$I$13) -> #N/A | P47: =P41*_xlfn.XLOOKUP(P35,Calculation_factors!$H$6:$H$13,Calculation_factors!$I$6:$I$13) -> #N/A | R47: =R41*_xlfn.XLOOKUP(R35,Calculation_factors!$H$6:$H$13,Calculation_factors!$I$6:$I$13) -> #N/A | T47: =T41*_xlfn.XLOOKUP(T35,Calculation_factors!$H$6:$H$13,Calculation_factors!$I$6:$I$13) -> #N/A | V47: =V41*_xlfn.XLOOKUP(V35,Calculation_factors!$H$6:$H$13,Calculation_factors!$I$6:$I$13) -> #N/A
C49: Lifetime Carbon Emissions (kgCO2e) | D49: =D41*_xlfn.XLOOKUP(D35,Calculation_factors!$E$6:$E$13,Calculation_factors!$F$6:$F$13) -> #N/A | F49: =F41*_xlfn.XLOOKUP(F35,Calculation_factors!$E$6:$E$13,Calculation_factors!$F$6:$F$13) -> #N/A | H49: =H41*_xlfn.XLOOKUP(H35,Calculation_factors!$E$6:$E$13,Calculation_factors!$F$6:$F$13) -> #N/A | J49: =J41*_xlfn.XLOOKUP(J35,Calculation_factors!$E$6:$E$13,Calculation_factors!$F$6:$F$13) -> #N/A | L49: =L41*_xlfn.XLOOKUP(L35,Calculation_factors!$E$6:$E$13,Calculation_factors!$F$6:$F$13) -> #N/A | N49: =N41*_xlfn.XLOOKUP(N35,Calculation_factors!$E$6:$E$13,Calculation_factors!$F$6:$F$13) -> #N/A | P49: =P41*_xlfn.XLOOKUP(P35,Calculation_factors!$E$6:$E$13,Calculation_factors!$F$6:$F$13) -> #N/A | R49: =R41*_xlfn.XLOOKUP(R35,Calculation_factors!$E$6:$E$13,Calculation_factors!$F$6:$F$13) -> #N/A | T49: =T41*_xlfn.XLOOKUP(T35,Calculation_factors!$E$6:$E$13,Calculation_factors!$F$6:$F$13) -> #N/A | V49: =V41*_xlfn.XLOOKUP(V35,Calculation_factors!$E$6:$E$13,Calculation_factors!$F$6:$F$13) -> #N/A
B51: Secondary heat generation
C53: Type of use for heat | D53: Please select | F53: Please select | H53: Please select | J53: Please select | L53: Please select | V53: Please select
C55: Existing heat source | D55: Please select | F55: Please select | H55: Please select | J55: Please select | L55: Please select | V55: Please select
C57: Existing fuel type | D57: Please select | F57: Please select | H57: Please select | J57: Please select | L57: Please select | V57: Please select
C59: Capacity installed (kW heat)
C61: Annual energy use input (kWh) | Y61: =SUM(D61:V61) -> 0
C63: Estimated efficiency of existing heat generation (%)
C65: Estimated annual heat demand output (kWh) | D65: =IF(D63>0,D63*D61,0) -> 0 | F65: =IF(F63>0,F63*F61,0) -> 0 | H65: =IF(H63>0,H63*H61,0) -> 0 | J65: =IF(J63>0,J63*J61,0) -> 0 | L65: =IF(L63>0,L63*L61,0) -> 0 | N65: =IF(N63>0,N63*N61,0) -> 0 | P65: =IF(P63>0,P63*P61,0) -> 0 | R65: =IF(R63>0,R63*R61,0) -> 0 | T65: =IF(T63>0,T63*T61,0) -> 0 | V65: =IF(V63>0,V63*V61,0) -> 0 | Y65: =SUM(D65:V65) -> 0
C67: Carbon Emissions (kgCO2e) | D67: =D61*_xlfn.XLOOKUP(D57,Calculation_factors!$H$6:$H$13,Calculation_factors!$I$6:$I$13) -> #N/A | F67: =F61*_xlfn.XLOOKUP(F57,Calculation_factors!$H$6:$H$13,Calculation_factors!$I$6:$I$13) -> #N/A | H67: =H61*_xlfn.XLOOKUP(H57,Calculation_factors!$H$6:$H$13,Calculation_factors!$I$6:$I$13) -> #N/A | J67: =J61*_xlfn.XLOOKUP(J57,Calculation_factors!$H$6:$H$13,Calculation_factors!$I$6:$I$13) -> #N/A | L67: =L61*_xlfn.XLOOKUP(L57,Calculation_factors!$H$6:$H$13,Calculation_factors!$I$6:$I$13) -> #N/A | N67: =N61*_xlfn.XLOOKUP(N57,Calculation_factors!$H$6:$H$13,Calculation_factors!$I$6:$I$13) -> #N/A | P67: =P61*_xlfn.XLOOKUP(P57,Calculation_factors!$H$6:$H$13,Calculation_factors!$I$6:$I$13) -> #N/A | R67: =R61*_xlfn.XLOOKUP(R57,Calculation_factors!$H$6:$H$13,Calculation_factors!$I$6:$I$13) -> #N/A | T67: =T61*_xlfn.XLOOKUP(T57,Calculation_factors!$H$6:$H$13,Calculation_factors!$I$6:$I$13) -> #N/A | V67: =V61*_xlfn.XLOOKUP(V57,Calculation_factors!$H$6:$H$13,Calculation_factors!$I$6:$I$13) -> #N/A
C69: Lifetime Carbon Emissions (kgCO2e) | D69: =D61*_xlfn.XLOOKUP(D57,Calculation_factors!$E$6:$E$13,Calculation_factors!$F$6:$F$13) -> #N/A | F69: =F61*_xlfn.XLOOKUP(F57,Calculation_factors!$E$6:$E$13,Calculation_factors!$F$6:$F$13) -> #N/A | H69: =H61*_xlfn.XLOOKUP(H57,Calculation_factors!$E$6:$E$13,Calculation_factors!$F$6:$F$13) -> #N/A | J69: =J61*_xlfn.XLOOKUP(J57,Calculation_factors!$E$6:$E$13,Calculation_factors!$F$6:$F$13) -> #N/A | L69: =L61*_xlfn.XLOOKUP(L57,Calculation_factors!$E$6:$E$13,Calculation_factors!$F$6:$F$13) -> #N/A | N69: =N61*_xlfn.XLOOKUP(N57,Calculation_factors!$E$6:$E$13,Calculation_factors!$F$6:$F$13) -> #N/A | P69: =P61*_xlfn.XLOOKUP(P57,Calculation_factors!$E$6:$E$13,Calculation_factors!$F$6:$F$13) -> #N/A | R69: =R61*_xlfn.XLOOKUP(R57,Calculation_factors!$E$6:$E$13,Calculation_factors!$F$6:$F$13) -> #N/A | T69: =T61*_xlfn.XLOOKUP(T57,Calculation_factors!$E$6:$E$13,Calculation_factors!$F$6:$F$13) -> #N/A | V69: =V61*_xlfn.XLOOKUP(V57,Calculation_factors!$E$6:$E$13,Calculation_factors!$F$6:$F$13) -> #N/A
B71: Further heat generation
C73: Type of use for heat | D73: Please select | F73: Please select | H73: Please select | J73: Please select | L73: Please select | V73: Please select
C75: Existing heat source | D75: Please select | F75: Please select | H75: Please select | J75: Please select | L75: Please select | V75: Please select
C77: Existing fuel type | D77: Please select | F77: Please select | H77: Please select | J77: Please select | L77: Please select | V77: Please select
C79: Capacity installed (kW heat)
C81: Annual energy use input (kWh) | Y81: =SUM(D81:V81) -> 0
C83: Estimated efficiency of existing heat generation (%)
C85: Estimated annual heat demand output (kWh) | D85: =IF(D83>0,D83*D81,0) -> 0 | F85: =IF(F83>0,F83*F81,0) -> 0 | H85: =IF(H83>0,H83*H81,0) -> 0 | J85: =IF(J83>0,J83*J81,0) -> 0 | L85: =IF(L83>0,L83*L81,0) -> 0 | N85: =IF(N83>0,N83*N81,0) -> 0 | P85: =IF(P83>0,P83*P81,0) -> 0 | R85: =IF(R83>0,R83*R81,0) -> 0 | T85: =IF(T83>0,T83*T81,0) -> 0 | V85: =IF(V83>0,V83*V81,0) -> 0 | Y85: =SUM(D85:V85) -> 0
C87: Carbon Emissions (kgCO2e) | D87: =D81*_xlfn.XLOOKUP(D77,Calculation_factors!$H$6:$H$13,Calculation_factors!$I$6:$I$13) -> #N/A | F87: =F81*_xlfn.XLOOKUP(F77,Calculation_factors!$H$6:$H$13,Calculation_factors!$I$6:$I$13) -> #N/A | H87: =H81*_xlfn.XLOOKUP(H77,Calculation_factors!$H$6:$H$13,Calculation_factors!$I$6:$I$13) -> #N/A | J87: =J81*_xlfn.XLOOKUP(J77,Calculation_factors!$H$6:$H$13,Calculation_factors!$I$6:$I$13) -> #N/A | L87: =L81*_xlfn.XLOOKUP(L77,Calculation_factors!$H$6:$H$13,Calculation_factors!$I$6:$I$13) -> #N/A | N87: =N81*_xlfn.XLOOKUP(N77,Calculation_factors!$H$6:$H$13,Calculation_factors!$I$6:$I$13) -> #N/A | P87: =P81*_xlfn.XLOOKUP(P77,Calculation_factors!$H$6:$H$13,Calculation_factors!$I$6:$I$13) -> #N/A | R87: =R81*_xlfn.XLOOKUP(R77,Calculation_factors!$H$6:$H$13,Calculation_factors!$I$6:$I$13) -> #N/A | T87: =T81*_xlfn.XLOOKUP(T77,Calculation_factors!$H$6:$H$13,Calculation_factors!$I$6:$I$13) -> #N/A | V87: =V81*_xlfn.XLOOKUP(V77,Calculation_factors!$H$6:$H$13,Calculation_factors!$I$6:$I$13) -> #N/A
C89: Lifetime Carbon Emissions (kgCO2e) | D89: =D81*_xlfn.XLOOKUP(D77,Calculation_factors!$E$6:$E$13,Calculation_factors!$F$6:$F$13) -> #N/A | F89: =F81*_xlfn.XLOOKUP(F77,Calculation_factors!$E$6:$E$13,Calculation_factors!$F$6:$F$13) -> #N/A | H89: =H81*_xlfn.XLOOKUP(H77,Calculation_factors!$E$6:$E$13,Calculation_factors!$F$6:$F$13) -> #N/A | J89: =J81*_xlfn.XLOOKUP(J77,Calculation_factors!$E$6:$E$13,Calculation_factors!$F$6:$F$13) -> #N/A | L89: =L81*_xlfn.XLOOKUP(L77,Calculation_factors!$E$6:$E$13,Calculation_factors!$F$6:$F$13) -> #N/A | N89: =N81*_xlfn.XLOOKUP(N77,Calculation_factors!$E$6:$E$13,Calculation_factors!$F$6:$F$13) -> #N/A | P89: =P81*_xlfn.XLOOKUP(P77,Calculation_factors!$E$6:$E$13,Calculation_factors!$F$6:$F$13) -> #N/A | R89: =R81*_xlfn.XLOOKUP(R77,Calculation_factors!$E$6:$E$13,Calculation_factors!$F$6:$F$13) -> #N/A | T89: =T81*_xlfn.XLOOKUP(T77,Calculation_factors!$E$6:$E$13,Calculation_factors!$F$6:$F$13) -> #N/A | V89: =V81*_xlfn.XLOOKUP(V77,Calculation_factors!$E$6:$E$13,Calculation_factors!$F$6:$F$13) -> #N/A
B92: Summary of existing heat generation
C94: Total annual heat demand output (kWh) | D94: =SUM(IF(D29=TRUE,D85,0),IF(D27=TRUE,D65,0),D45) -> 0 | F94: =SUM(IF(F29=TRUE,F85,0),IF(F27=TRUE,F65,0),F45) -> 0 | H94: =SUM(IF(H29=TRUE,H85,0),IF(H27=TRUE,H65,0),H45) -> 0 | J94: =SUM(IF(J29=TRUE,J85,0),IF(J27=TRUE,J65,0),J45) -> 0 | L94: =SUM(IF(L29=TRUE,L85,0),IF(L27=TRUE,L65,0),L45) -> 0 | N94: =SUM(IF(N29=TRUE,N85,0),IF(N27=TRUE,N65,0),N45) -> 0 | P94: =SUM(IF(P29=TRUE,P85,0),IF(P27=TRUE,P65,0),P45) -> 0 | R94: =SUM(IF(R29=TRUE,R85,0),IF(R27=TRUE,R65,0),R45) -> 0 | T94: =SUM(IF(T29=TRUE,T85,0),IF(T27=TRUE,T65,0),T45) -> 0 | V94: =SUM(IF(V29=TRUE,V85,0),IF(V27=TRUE,V65,0),V45) -> 0 | Y94: =SUM(D94:V94) -> 0
C96: Carbon Emissions (kgCO2e) | D96: =SUM(IF(D29=TRUE,D87,0),IF(D27=TRUE,D67,0),D47) -> #N/A | F96: =SUM(IF(F29=TRUE,F87,0),IF(F27=TRUE,F67,0),F47) -> #N/A | H96: =SUM(IF(H29=TRUE,H87,0),IF(H27=TRUE,H67,0),H47) -> #N/A | J96: =SUM(IF(J29=TRUE,J87,0),IF(J27=TRUE,J67,0),J47) -> #N/A | L96: =SUM(IF(L29=TRUE,L87,0),IF(L27=TRUE,L67,0),L47) -> #N/A | N96: =SUM(IF(N29=TRUE,N87,0),IF(N27=TRUE,N67,0),N47) -> #N/A | P96: =SUM(IF(P29=TRUE,P87,0),IF(P27=TRUE,P67,0),P47) -> #N/A | R96: =SUM(IF(R29=TRUE,R87,0),IF(R27=TRUE,R67,0),R47) -> #N/A | T96: =SUM(IF(T29=TRUE,T87,0),IF(T27=TRUE,T67,0),T47) -> #N/A | V96: =SUM(IF(V29=TRUE,V87,0),IF(V27=TRUE,V67,0),V47) -> #N/A
C98: Lifetime Carbon Emissions (kgCO2e) | D98: =SUM(IF(D29=TRUE,D89,0),IF(D27=TRUE,D69,0),D49) -> #N/A | F98: =SUM(IF(F29=TRUE,F89,0),IF(F27=TRUE,F69,0),F49) -> #N/A | H98: =SUM(IF(H29=TRUE,H89,0),IF(H27=TRUE,H69,0),H49) -> #N/A | J98: =SUM(IF(J29=TRUE,J89,0),IF(J27=TRUE,J69,0),J49) -> #N/A | L98: =SUM(IF(L29=TRUE,L89,0),IF(L27=TRUE,L69,0),L49) -> #N/A | N98: =SUM(IF(N29=TRUE,N89,0),IF(N27=TRUE,N69,0),N49) -> #N/A | P98: =SUM(IF(P29=TRUE,P89,0),IF(P27=TRUE,P69,0),P49) -> #N/A | R98: =SUM(IF(R29=TRUE,R89,0),IF(R27=TRUE,R69,0),R49) -> #N/A | T98: =SUM(IF(T29=TRUE,T89,0),IF(T27=TRUE,T69,0),T49) -> #N/A | V98: =SUM(IF(V29=TRUE,V89,0),IF(V27=TRUE,V69,0),V49) -> #N/A
C100: Percent heat served by main heat generation | D100: =IFERROR(D45/D94,"") | F100: =IFERROR(F45/F94,"") | H100: =IFERROR(H45/H94,"") | J100: =IFERROR(J45/J94,"") | L100: =IFERROR(L45/L94,"") | N100: =IFERROR(N45/N94,"") | P100: =IFERROR(P45/P94,"") | R100: =IFERROR(R45/R94,"") | T100: =IFERROR(T45/T94,"") | V100: =IFERROR(V45/V94,"")
C101: Percent heat served by secondary heat generation | D101: =IFERROR(IF(D27=TRUE,D65/D94,0),"") -> 0 | F101: =IFERROR(IF(F27=TRUE,F65/F94,0),"") -> 0 | H101: =IFERROR(IF(H27=TRUE,H65/H94,0),"") -> 0 | J101: =IFERROR(IF(J27=TRUE,J65/J94,0),"") -> 0 | L101: =IFERROR(IF(L27=TRUE,L65/L94,0),"") -> 0 | N101: =IFERROR(IF(N27=TRUE,N65/N94,0),"") -> 0 | P101: =IFERROR(IF(P27=TRUE,P65/P94,0),"") -> 0 | R101: =IFERROR(IF(R27=TRUE,R65/R94,0),"") -> 0 | T101: =IFERROR(IF(T27=TRUE,T65/T94,0),"") -> 0 | V101: =IFERROR(IF(V27=TRUE,V65/V94,0),"") -> 0
C102: Percent heat served by further heat generation | D102: =IFERROR(IF(D29=TRUE,D85/D94,0),"") -> 0 | F102: =IFERROR(IF(F29=TRUE,F85/F94,0),"") -> 0 | H102: =IFERROR(IF(H29=TRUE,H85/H94,0),"") -> 0 | J102: =IFERROR(IF(J29=TRUE,J85/J94,0),"") -> 0 | L102: =IFERROR(IF(L29=TRUE,L85/L94,0),"") -> 0 | N102: =IFERROR(IF(N29=TRUE,N85/N94,0),"") -> 0 | P102: =IFERROR(IF(P29=TRUE,P85/P94,0),"") -> 0 | R102: =IFERROR(IF(R29=TRUE,R85/R94,0),"") -> 0 | T102: =IFERROR(IF(T29=TRUE,T85/T94,0),"") -> 0 | V102: =IFERROR(IF(V29=TRUE,V85/V94,0),"") -> 0
C104: Total capacity installed (kW heat) | D104: =SUM(IF(D29=TRUE,D79,0),IF(D27=TRUE,D59,0),D39) -> 0 | F104: =SUM(IF(F29=TRUE,F79,0),IF(F27=TRUE,F59,0),F39) -> 0 | H104: =SUM(IF(H29=TRUE,H79,0),IF(H27=TRUE,H59,0),H39) -> 0 | J104: =SUM(IF(J29=TRUE,J79,0),IF(J27=TRUE,J59,0),J39) -> 0 | L104: =SUM(IF(L29=TRUE,L79,0),IF(L27=TRUE,L59,0),L39) -> 0 | N104: =SUM(IF(N29=TRUE,N79,0),IF(N27=TRUE,N59,0),N39) -> 0 | P104: =SUM(IF(P29=TRUE,P79,0),IF(P27=TRUE,P59,0),P39) -> 0 | R104: =SUM(IF(R29=TRUE,R79,0),IF(R27=TRUE,R59,0),R39) -> 0 | T104: =SUM(IF(T29=TRUE,T79,0),IF(T27=TRUE,T59,0),T39) -> 0 | V104: =SUM(IF(V29=TRUE,V79,0),IF(V27=TRUE,V59,0),V39) -> 0 | Y104: =SUM(D104:V104) -> 0
C106: Additional Commentary (Optional):
B108: 2.3 Enabling measures, Fabric Upgrades and controls and monitoring measures
B110: Temperatures
C111: Please indicate the design temperature for the project:
C112: Heating output flow temperature
C114: Domestic hot water temperature
B116: Enabling Measures
C117: Please indicate if the following measures are included in your project:
C118: Replacing radiators | D118: Please select | F118: Please select | H118: Please select | J118: Please select | L118: Please select | N118: Please select | V118: Please select
C120: Replacing AHU heating coils | D120: Please select | F120: Please select | H120: Please select | J120: Please select | L120: Please select | V120: Please select
C122: Heating circuit upgrades | D122: Please select | F122: Please select | H122: Please select | J122: Please select | L122: Please select | V122: Please select
C124: Other (please note): | V124: none
B126: Fabric Upgrades
C127: Please indicate if the following measures are included in your project:
C128: Loft insulation | D128: Please select | F128: Please select | H128: Please select | J128: Please select | L128: Please select | V128: Please select
C130: Cavity wall insulation (where suitable) | D130: Please select | F130: Please select | H130: Please select | J130: Please select | L130: Please select | V130: Please select
C132: Window / door draught proofing | D132: Please select | F132: Please select | H132: Please select | J132: Please select | L132: Please select | V132: Please select
C134: Other (please note): | V134: none
C136: Please outline how you will take a whole building approach to the project
C138: What are the calculated heat savings from these measures? kWh output per annum
C140: New heat output per annum to serve (kWh per annum) | D140: =IFERROR(D94-D138,"") -> 0 | F140: =IFERROR(F94-F138,"") -> 0 | H140: =IFERROR(H94-H138,"") -> 0 | J140: =IFERROR(J94-J138,"") -> 0 | L140: =IFERROR(L94-L138,"") -> 0 | N140: =IFERROR(N94-N138,"") -> 0 | P140: =IFERROR(P94-P138,"") -> 0 | R140: =IFERROR(R94-R138,"") -> 0 | T140: =IFERROR(T94-T138,"") -> 0 | V140: =IFERROR(V94-V138,"") -> 0
B142: Controls and Monitoring Measures
C143: Please indicate if the following measures are included in your project:
C144: BMS | D144: Please select | F144: Please select | H144: Please select | J144: Please select | L144: Please select | P144: Please select | R144: Please select | T144: Please select | V144: Please select
C146: Heating smart controls: | D146: Please select | F146: Please select | H146: Please select | J146: Please select | L146: Please select | P146: Please select | R146: Please select | T146: Please select | V146: Please select
C148: Weather compensation controls: | D148: Please select | F148: Please select | H148: Please select | J148: Please select | L148: Please select | N148: Please select | P148: Please select | R148: Please select | T148: Please select | V148: Please select
C150: Other (please note):
B152: 2.4 Project Heat Technology & Consumption
C154: Is secondary heat generation needed for heating? i.e. a top-up if the primary heat pump can't provide the full load | D154: FALSE | N154: FALSE | V154: FALSE
C156: Is further heat generation needed for domestic hot water or other heat use? | D156: FALSE | F156: FALSE | H156: FALSE | J156: FALSE | N156: FALSE | V156: FALSE
B158: Primary low carbon heat generation
C160: Primary low carbon heat generation technology type | D160: Please select | F160: Please select | H160: Please select | J160: Please select | L160: Please select | N160: Please select | P160: Please select | R160: Please select | T160: Please select | V160: Please select
C162: Fuel Type | D162: =IFERROR(INDEX(Calculation_factors!$C$5:$C$15,MATCH('2. Project Details'!D160,Calculation_factors!$B$5:$B$15,0),1),"") | F162: =IFERROR(INDEX(Calculation_factors!$C$5:$C$15,MATCH('2. Project Details'!F160,Calculation_factors!$B$5:$B$15,0),1),"") | H162: =IFERROR(INDEX(Calculation_factors!$C$5:$C$15,MATCH('2. Project Details'!H160,Calculation_factors!$B$5:$B$15,0),1),"") | J162: =IFERROR(INDEX(Calculation_factors!$C$5:$C$15,MATCH('2. Project Details'!J160,Calculation_factors!$B$5:$B$15,0),1),"") | L162: =IFERROR(INDEX(Calculation_factors!$C$5:$C$15,MATCH('2. Project Details'!L160,Calculation_factors!$B$5:$B$15,0),1),"") | N162: =IFERROR(INDEX(Calculation_factors!$C$5:$C$15,MATCH('2. Project Details'!N160,Calculation_factors!$B$5:$B$15,0),1),"") | P162: =IFERROR(INDEX(Calculation_factors!$C$5:$C$15,MATCH('2. Project Details'!P160,Calculation_factors!$B$5:$B$15,0),1),"") | R162: =IFERROR(INDEX(Calculation_factors!$C$5:$C$15,MATCH('2. Project Details'!R160,Calculation_factors!$B$5:$B$15,0),1),"") | T162: =IFERROR(INDEX(Calculation_factors!$C$5:$C$15,MATCH('2. Project Details'!T160,Calculation_factors!$B$5:$B$15,0),1),"") | V162: =IFERROR(INDEX(Calculation_factors!$C$5:$C$15,MATCH('2. Project Details'!V160,Calculation_factors!$B$5:$B$15,0),1),"")
C164: Capacity installed (kW heat) | Y164: =SUM(D164:V164) -> 0
C166: Annual energy use input (kWh) | Y166: =SUM(D166:V166) -> 0
C168: Annual heat supplied output (kWh) | Y168: =SUM(D168:V168) -> 0
C170: Expected Seasonal Coefficient of Performance / Efficiency | D170: =IFERROR(D168/D166,"") | F170: =IFERROR(F168/F166,"") | H170: =IFERROR(H168/H166,"") | J170: =IFERROR(J168/J166,"") | L170: =IFERROR(L168/L166,"") | N170: =IFERROR(N168/N166,"") | P170: =IFERROR(P168/P166,"") | R170: =IFERROR(R168/R166,"") | T170: =IFERROR(T168/T166,"") | V170: =IFERROR(V168/V166,"")
C172: Carbon Emissions kg CO2e | D172: =D166*_xlfn.XLOOKUP(D162,Calculation_factors!$H$6:$H$13,Calculation_factors!$I$6:$I$13) -> #N/A | F172: =F166*_xlfn.XLOOKUP(F162,Calculation_factors!$H$6:$H$13,Calculation_factors!$I$6:$I$13) -> #N/A | H172: =H166*_xlfn.XLOOKUP(H162,Calculation_factors!$H$6:$H$13,Calculation_factors!$I$6:$I$13) -> #N/A | J172: =J166*_xlfn.XLOOKUP(J162,Calculation_factors!$H$6:$H$13,Calculation_factors!$I$6:$I$13) -> #N/A | L172: =L166*_xlfn.XLOOKUP(L162,Calculation_factors!$H$6:$H$13,Calculation_factors!$I$6:$I$13) -> #N/A | N172: =N166*_xlfn.XLOOKUP(N162,Calculation_factors!$H$6:$H$13,Calculation_factors!$I$6:$I$13) -> #N/A | P172: =P166*_xlfn.XLOOKUP(P162,Calculation_factors!$H$6:$H$13,Calculation_factors!$I$6:$I$13) -> #N/A | R172: =R166*_xlfn.XLOOKUP(R162,Calculation_factors!$H$6:$H$13,Calculation_factors!$I$6:$I$13) -> #N/A | T172: =T166*_xlfn.XLOOKUP(T162,Calculation_factors!$H$6:$H$13,Calculation_factors!$I$6:$I$13) -> #N/A | V172: =V166*_xlfn.XLOOKUP(V162,Calculation_factors!$H$6:$H$13,Calculation_factors!$I$6:$I$13) -> #N/A
C174: Lifetime Carbon Emissions (kg CO2e) | D174: =D166*_xlfn.XLOOKUP(D162,Calculation_factors!$E$6:$E$13,Calculation_factors!$F$6:$F$13) -> #N/A | F174: =F166*_xlfn.XLOOKUP(F162,Calculation_factors!$E$6:$E$13,Calculation_factors!$F$6:$F$13) -> #N/A | H174: =H166*_xlfn.XLOOKUP(H162,Calculation_factors!$E$6:$E$13,Calculation_factors!$F$6:$F$13) -> #N/A | J174: =J166*_xlfn.XLOOKUP(J162,Calculation_factors!$E$6:$E$13,Calculation_factors!$F$6:$F$13) -> #N/A | L174: =L166*_xlfn.XLOOKUP(L162,Calculation_factors!$E$6:$E$13,Calculation_factors!$F$6:$F$13) -> #N/A | N174: =N166*_xlfn.XLOOKUP(N162,Calculation_factors!$E$6:$E$13,Calculation_factors!$F$6:$F$13) -> #N/A | P174: =P166*_xlfn.XLOOKUP(P162,Calculation_factors!$E$6:$E$13,Calculation_factors!$F$6:$F$13) -> #N/A | R174: =R166*_xlfn.XLOOKUP(R162,Calculation_factors!$E$6:$E$13,Calculation_factors!$F$6:$F$13) -> #N/A | T174: =T166*_xlfn.XLOOKUP(T162,Calculation_factors!$E$6:$E$13,Calculation_factors!$F$6:$F$13) -> #N/A | V174: =V166*_xlfn.XLOOKUP(V162,Calculation_factors!$E$6:$E$13,Calculation_factors!$F$6:$F$13) -> #N/A
B176: Secondary low carbon heat generation
C178: Type of use for heat | D178: Please select | F178: Please select | H178: Please select | J178: Please select | L178: Please select | V178: Please select
C180: Heat generation technology type | D180: Please select | F180: Please select | H180: Please select | J180: Please select | L180: Please select | V180: Please select
C182: Fuel Type | D182: =IFERROR(INDEX(Calculation_factors!$C$5:$C$15,MATCH('2. Project Details'!D180,Calculation_factors!$B$5:$B$15,0),1),"") | F182: =IFERROR(INDEX(Calculation_factors!$C$5:$C$15,MATCH('2. Project Details'!F180,Calculation_factors!$B$5:$B$15,0),1),"") | H182: =IFERROR(INDEX(Calculation_factors!$C$5:$C$15,MATCH('2. Project Details'!H180,Calculation_factors!$B$5:$B$15,0),1),"") | J182: =IFERROR(INDEX(Calculation_factors!$C$5:$C$15,MATCH('2. Project Details'!J180,Calculation_factors!$B$5:$B$15,0),1),"") | L182: =IFERROR(INDEX(Calculation_factors!$C$5:$C$15,MATCH('2. Project Details'!L180,Calculation_factors!$B$5:$B$15,0),1),"") | N182: =IFERROR(INDEX(Calculation_factors!$C$5:$C$15,MATCH('2. Project Details'!N180,Calculation_factors!$B$5:$B$15,0),1),"") | P182: =IFERROR(INDEX(Calculation_factors!$C$5:$C$15,MATCH('2. Project Details'!P180,Calculation_factors!$B$5:$B$15,0),1),"") | R182: =IFERROR(INDEX(Calculation_factors!$C$5:$C$15,MATCH('2. Project Details'!R180,Calculation_factors!$B$5:$B$15,0),1),"") | T182: =IFERROR(INDEX(Calculation_factors!$C$5:$C$15,MATCH('2. Project Details'!T180,Calculation_factors!$B$5:$B$15,0),1),"") | V182: =IFERROR(INDEX(Calculation_factors!$C$5:$C$15,MATCH('2. Project Details'!V180,Calculation_factors!$B$5:$B$15,0),1),"")
C184: Capacity installed (kW heat) | Y184: =SUM(D184:V184) -> 0
C186: Annual energy use input (kWh) | Y186: =SUM(D186:V186) -> 0
C188: Annual heat supplied output (kWh) | Y188: =SUM(D188:V188) -> 0
...

Sheet 3. Eligible Cost Breakdown
C2: 3. ELIGIBLE PROJECT COSTS | K2: =IF('1. Applicant Details'!E15="Please select","Please specify number of buildings on the '1. Application Details' tab","") -> Please specify number of buildings on the '1. Application Details' tab
C3: =IF('1. Applicant Details'!E15="Please select","Please specify number of buildings on the '1. Applicant Details' tab","") -> Please specify number of buildings on the '1. Applicant Details' tab
B4: 3.1 Project Cost Breakdown - PLEASE NOTE COSTS SHOULD NOT INCLUDE RECOVERABLE VAT | I4: TOTAL | K4: BUILDING ONE | M4: BUILDING TWO | O4: BUILDING THREE | Q4: BUILDING FOUR | S4: BUILDING FIVE | U4: BUILDING SIX | W4: BUILDING SEVEN | Y4: BUILDING EIGHT | AA4: BUILDING NINE | AC4: BUILDING TEN
I5: Autofill | K5: =IF(ISBLANK('2. Project Details'!D$6),"",'2. Project Details'!D$6) | L5: =IF(ISBLANK('2. Project Details'!E$6),"",'2. Project Details'!E$6) | M5: =IF(ISBLANK('2. Project Details'!F$6),"",'2. Project Details'!F$6) | N5: =IF(ISBLANK('2. Project Details'!G$6),"",'2. Project Details'!G$6) | O5: =IF(ISBLANK('2. Project Details'!H$6),"",'2. Project Details'!H$6) | P5: =IF(ISBLANK('2. Project Details'!I$6),"",'2. Project Details'!I$6) | Q5: =IF(ISBLANK('2. Project Details'!J$6),"",'2. Project Details'!J$6) | R5: =IF(ISBLANK('2. Project Details'!K$6),"",'2. Project Details'!K$6) | ... AC5: =IF(ISBLANK('2. Project Details'!V$6),"",'2. Project Details'!V$6) | AF5: Total - TO BE HIDDEN
C7: Please outline your organisation's VAT position:
C8: (e.g. what VAT is recoverable, what is not)
C13: Final Design and Project Management (£) | I13: =SUM(K13:AC13) -> 0 | AF13: =SUM(K13,M13,O13,Q13,S13,U13,W13,Y13,AA13,AC13) -> 0
C14: % total cost | I14: =IFERROR(I13/I36,"") | K14: =IFERROR(K13/K36,"") | M14: =IFERROR(M13/M36,"") | O14: =IFERROR(O13/O36,"") | Q14: =IFERROR(Q13/Q36,"") | S14: =IFERROR(S13/S36,"") | U14: =IFERROR(U13/U36,"") | W14: =IFERROR(W13/W36,"") | Y14: =IFERROR(Y13/Y36,"") | AA14: =IFERROR(AA13/AA36,"") | AC14: =IFERROR(AC13/AC36,"") | AF14: =($AF13/$AF$36) -> #DIV/0!
C16: Equipment Costs (£) - Heat Plant Costs | I16: =SUM(K16:AC16) -> 0 | AF16: =SUM(K16,M16,O16,Q16,S16,U16,W16,Y16,AA16,AC16) -> 0
C17: £/kW | I17: =IFERROR(I16/'2. Project Details'!B227,"") | K17: =IFERROR(K16/'2. Project Details'!D227,"") | M17: =IFERROR(M16/'2. Project Details'!F227,"") | O17: =IFERROR(O16/'2. Project Details'!H227,"") | Q17: =IFERROR(Q16/'2. Project Details'!J227,"") | S17: =IFERROR(S16/'2. Project Details'!L227,"") | U17: =IFERROR(U16/'2. Project Details'!N227,"") | W17: =IFERROR(W16/'2. Project Details'!P227,"") | Y17: =IFERROR(Y16/'2. Project Details'!R227,"") | AA17: =IFERROR(AA16/'2. Project Details'!T227,"") | AC17: =IFERROR(AC16/'2. Project Details'!V227,"") | AF17: =SUM(K17,M17,O17,Q17,S17,U17,W17,Y17,AA17,AC17) -> 0
C18: % total cost | I18: =IFERROR(I16/I36,"") | K18: =IFERROR(K16/K36,"") | M18: =IFERROR(M16/M36,"") | O18: =IFERROR(O16/O36,"") | Q18: =IFERROR(Q16/Q36,"") | S18: =IFERROR(S16/S36,"") | U18: =IFERROR(U16/U36,"") | W18: =IFERROR(W16/W36,"") | Y18: =IFERROR(Y16/Y36,"") | AA18: =IFERROR(AA16/AA36,"") | AC18: =IFERROR(AC16/AC36,"") | AF18: =($AF16/$AF$36) -> #DIV/0!
C20: Fabric Works (£) - costs associated with improving heat retention | I20: =SUM(K20:AC20) -> 0 | AF20: =SUM(K20,M20,O20,,Q20,S20,U20,W20,Y20,AA20,AC20) -> 0
C21: % total cost | I21: =IFERROR(I20/I36,"") | K21: =IFERROR(K20/K36,"") | M21: =IFERROR(M20/M36,"") | O21: =IFERROR(O20/O36,"") | Q21: =IFERROR(Q20/Q36,"") | S21: =IFERROR(S20/S36,"") | U21: =IFERROR(U20/U36,"") | W21: =IFERROR(W20/W36,"") | Y21: =IFERROR(Y20/Y36,"") | AA21: =IFERROR(AA20/AA36,"") | AC21: =IFERROR(AC20/AC36,"") | AF21: =($AF20/$AF$36) -> #DIV/0!
C23: Enabling Works (£) - costs associated with improving heat emitters or other work outside the heat plant eg. electricity distribution boards | I23: =SUM(K23:AC23) -> 0 | AF23: =SUM(K23,M23,O23,,Q23,S23,U23,W23,Y23,AA23,AC23) -> 0
C24: % total cost | I24: =IFERROR(I23/I36,"") | K24: =IFERROR(K23/K36,"") | M24: =IFERROR(M23/M36,"") | O24: =IFERROR(O23/O36,"") | Q24: =IFERROR(Q23/Q36,"") | S24: =IFERROR(S23/S36,"") | U24: =IFERROR(U23/U36,"") | W24: =IFERROR(W23/W36,"") | Y24: =IFERROR(Y23/Y36,"") | AA24: =IFERROR(AA23/AA36,"") | AC24: =IFERROR(AC23/AC36,"") | AF24: =($AF23/$AF$36) -> #DIV/0!
C26: Monitoring and Controls (£) - heating smart controls, related BMS upgrades | I26: =SUM(K26:AC26) -> 0 | AF26: =SUM(K26,M26,O26,,Q26,S26,U26,W26,Y26,AA26,AC26) -> 0
C27: % total cost | I27: =IFERROR(I26/I36,"") | K27: =IFERROR(K26/K36,"") | M27: =IFERROR(M26/M36,"") | O27: =IFERROR(O26/O36,"") | Q27: =IFERROR(Q26/Q36,"") | S27: =IFERROR(S26/S36,"") | U27: =IFERROR(U26/U36,"") | W27: =IFERROR(W26/W36,"") | Y27: =IFERROR(Y26/Y36,"") | AA27: =IFERROR(AA26/AA36,"") | AC27: =IFERROR(AC26/AC36,"") | AF27: =($AF26/$AF$36) -> #DIV/0!
C29: DNO Costs (£) | I29: =SUM(K29:AC29) -> 0 | AF29: =SUM(K29,M29,O29,,Q29,S29,U29,W29,Y29,AA29,AC29) -> 0
C30: % total cost | I30: =IFERROR(I29/I36,"") | K30: =IFERROR(K29/K36,"") | M30: =IFERROR(M29/M36,"") | O30: =IFERROR(O29/O36,"") | Q30: =IFERROR(Q29/Q36,"") | S30: =IFERROR(S29/S36,"") | U30: =IFERROR(U29/U36,"") | W30: =IFERROR(W29/W36,"") | Y30: =IFERROR(Y29/Y36,"") | AA30: =IFERROR(AA29/AA36,"") | AC30: =IFERROR(AC29/AC36,"") | AF30: =($AF29/$AF$36) -> #DIV/0!
C32: Installation and Commissioning Costs (£) | I32: =SUM(K32:AC32) -> 0 | AF32: =SUM(K32,M32,O32,,Q32,S32,U32,W32,Y32,AA32,AC32) -> 0
C33: % total cost | I33: =IFERROR(I32/I36,"") | K33: =IFERROR(K32/K36,"") | M33: =IFERROR(M32/M36,"") | O33: =IFERROR(O32/O36,"") | Q33: =IFERROR(Q32/Q36,"") | S33: =IFERROR(S32/S36,"") | U33: =IFERROR(U32/U36,"") | W33: =IFERROR(W32/W36,"") | Y33: =IFERROR(Y32/Y36,"") | AA33: =IFERROR(AA32/AA36,"") | AC33: =IFERROR(AC32/AC36,"") | AF33: =($AF32/$AF$36) -> #DIV/0!
C36: Total Project Costs (£) | I36: =SUM(K36:AC36) -> 0 | K36: =SUM(K13,K16,K20,K23,K26,K29,K32) -> 0 | M36: =SUM(M13,M16,M20,M23,M26,M29,M32) -> 0 | O36: =SUM(O13,O16,O20,O23,O26,O29,O32) -> 0 | Q36: =SUM(Q13,Q16,Q20,Q23,Q26,Q29,Q32) -> 0 | S36: =SUM(S13,S16,S20,S23,S26,S29,S32) -> 0 | U36: =SUM(U13,U16,U20,U23,U26,U29,U32) -> 0 | W36: =SUM(W13,W16,W20,W23,W26,W29,W32) -> 0 | Y36: =SUM(Y13,Y16,Y20,Y23,Y26,Y29,Y32) -> 0 | AA36: =SUM(AA13,AA16,AA20,AA23,AA26,AA29,AA32) -> 0 | AC36: =SUM(AC13,AC16,AC20,AC23,AC26,AC29,AC32) -> 0 | AF36: =SUM(K36,M36,O36,,Q36,S36,U36,W36,Y36,AA36,AC36) -> 0
C37: Ensure this value matches the totals on the submitted quotes
C40: Maximum Eligible Grant Value | I40: =I36*0.9 -> 0 | K40: =K36*0.9 -> 0 | M40: =M36*0.9 -> 0 | O40: =O36*0.9 -> 0 | Q40: =Q36*0.9 -> 0 | S40: =S36*0.9 -> 0 | U40: =U36*0.9 -> 0 | W40: =W36*0.9 -> 0 | Y40: =Y36*0.9 -> 0 | AA40: =AA36*0.9 -> 0 | AC40: =AC36*0.9 -> 0 | AF40: =SUM(K40,M40,O40,,Q40,S40,U40,W40,Y40,AA40,AC40) -> 0
C42: Grant amount requested | I42: =SUM(K42:AC42) -> 0 | AF42: =SUM(K42,M42,O42,,Q42,S42,U42,W42,Y42,AA42,AC42) -> 0
C43: Percentage of total costs requested (Maximum grant is 90%) | I43: =IFERROR(I42/I36,"") | K43: =IFERROR(K42/K36,"") | M43: =IFERROR(M42/M36,"") | O43: =IFERROR(O42/O36,"") | Q43: =IFERROR(Q42/Q36,"") | S43: =IFERROR(S42/S36,"") | U43: =IFERROR(U42/U36,"") | W43: =IFERROR(W42/W36,"") | Y43: =IFERROR(Y42/Y36,"") | AA43: =IFERROR(AA42/AA36,"") | AC43: =IFERROR(AC42/AC36,"") | AF43: =AVERAGE(E43:O43) -> #DIV/0!
C45: Minimum Applicant Contribution | I45: =I36-I42 -> 0 | K45: =K36-K42 -> 0 | M45: =M36-M42 -> 0 | O45: =O36-O42 -> 0 | Q45: =Q36-Q42 -> 0 | S45: =S36-S42 -> 0 | U45: =U36-U42 -> 0 | W45: =W36-W42 -> 0 | Y45: =Y36-Y42 -> 0 | AA45: =AA36-AA42 -> 0 | AC45: =AC36-AC42 -> 0 | AF45: =SUM(K45,M45,O45,Q45,S45,U45,W45,Y45,AA45,AC45) -> 0
C49: Costs funded by other funding sources | I49: =SUM(K49:AC49) -> 0 | K49: =SUM(K52:K54) -> 0 | M49: =SUM(M52:M54) -> 0 | O49: =SUM(O52:O54) -> 0 | Q49: =SUM(Q52:Q54) -> 0 | S49: =SUM(S52:S54) -> 0 | U49: =SUM(U52:U54) -> 0 | W49: =SUM(W52:W54) -> 0 | Y49: =SUM(Y52:Y54) -> 0 | AA49: =SUM(AA52:AA54) -> 0 | AC49: =SUM(AC52:AC54) -> 0 | AF49: =SUM(K49,M49,O49,Q49,S49,U49,W49,Y49,AA49,AC49) -> 0
C51: List other confirmed funding sources & amounts
C52: funding sources | I52: =SUM(K52:AC52) -> 0 | M52: 0 | O52: 0 | Q52: 0 | S52: 0 | U52: 0 | W52: 0 | Y52: 0 | AA52: 0
C53: funding sources | I53: =SUM(K53:AC53) -> 0 | M53: 0 | O53: 0 | Q53: 0 | S53: 0 | U53: 0 | W53: 0 | Y53: 0 | AA53: 0
C54: funding sources | I54: =SUM(K54:AC54) -> 0 | M54: 0 | O54: 0 | Q54: 0 | S54: 0 | U54: 0 | W54: 0 | Y54: 0 | AA54: 0
C57: Please provide commentary on project costs. Include detail such as: - how these costs been derived - how the approach taken is cost effective
B59: 3.2 Yearly breakdown and Retention (of Project Costs)
C61: (i) Project(s) must be completed by the end of the 2025/2026 financial year.
C62: (ii)Funding is committed on a financial year basis and must be spent within the specified financial year. Approved funds cannot be rolled from one financial year to the next.
C65: Please indicate the yearly split of total project costs:
G66: RETENTION | I66: SUBTOTAL
C67: Project spend by 31st March 2026 | G67: Yes | I67: =SUM(K67:AC67) -> 0
C69: Does this include a retention payment which would be paid in the following FY?
C70: If yes, what is the value of the retention payment?
I71: SUBTOTAL
C72: Project spend between 1st April 2026 - 31st March 2027 | G72: Please select | I72: =SUM(K72:AC72) -> 0
C74: Does this include a retention payment which would be paid in the following FY?
C75: If yes, what is the value of the retention payment?
I76: TOTAL
C77: Total Project Cost | I77: =SUM(K77:AC77) -> 0 | K77: =SUM(K67:K72) -> 0 | M77: =SUM(M67:M72) -> 0 | O77: =SUM(O67:O72) -> 0 | Q77: =SUM(Q67:Q72) -> 0 | S77: =SUM(S67:S72) -> 0 | U77: =SUM(U67:U72) -> 0 | W77: =SUM(W67:W72) -> 0 | Y77: =SUM(Y67:Y72) -> 0 | AA77: =SUM(AA67:AA72) -> 0 | AC77: =SUM(AC67:AC72) -> 0 | AF77: =SUM(K77,M77,O77,Q77,S77,U77,W77,Y77,AA77,AC77) -> 0
K78: =IF(K77=K36,"ok","please double check") -> ok | M78: =IF(M77=M36,"ok","please double check") -> ok | O78: =IF(O77=O36,"ok","please double check") -> ok | Q78: =IF(Q77=Q36,"ok","please double check") -> ok | S78: =IF(S77=S36,"ok","please double check") -> ok | U78: =IF(U77=U36,"ok","please double check") -> ok | W78: =IF(W77=W36,"ok","please double check") -> ok | Y78: =IF(Y77=Y36,"ok","please double check") -> ok | AA78: =IF(AA77=AA36,"ok","please double check") -> ok | AC78: =IF(AC77=AC36,"ok","please double check") -> ok
AF79: =SUM(K79,M79,O79,Q79,S79,U79,W79,Y79,AA79,AC79) -> 0
B82: 3.3 Anticipated Drawdown (of Grant)
C84: Please lay out your anticipated drawdown amounts (including any retention payments), and in which months these will be in. This should be grant amounts and not total project costs. | F84: Maximum Grant Amount - Project spend by 31st March 2026 | G84: =I67*0.9 -> 0 | I84: Requested Grant Amount - Project spend by 31st March 2026
C85: It is understood these amounts are subject to change. You are required to submit reporting of your cost forecasts and in these you can ask for a variation. | F85: Maximum Grant Amount - Project spend between 1st April 2026 - 31st March 2027 | G85: =I72*0.9 -> 0 | I85: Requested Grant Amount - Project spend between 1st April 2026 - 31st March 2027
C86: We are expecting no more than 4 drawdowns per financial year. Note a financial year is April - March. | F86: Total Maximum Grant Amount | G86: =SUM(G84:G85) -> 0 | I86: Total Requested Grant Amount | K86: =SUM(K84:K85) -> 0
K87: =IF(K86=I42,"ok","please double check with Section 3.1") -> ok
C88: Date | D88: Total FY 25/26 Grant Amount
C94: Total Grant Requested | D94: =SUM(D89:D92) -> 0 | F94: {=_xlfn.IFS(D94<K84,"less than amount requested",D94=K84,"ok",D94>K84,"greater than requested amount")} -> ok
C97: Date | D97: Total FY 26/27 Grant Amount
C103: Total Grant Requested | D103: =SUM(D98:D101) -> 0 | F103: {=_xlfn.IFS(D103<K85,"less than amount requested",D103=K85,"ok",D103>K85,"greater than amount requested")} -> ok
C105: Please describe how you will organise payments to your contractors to ensure grant funds are claimed from the Energy Service in line with your drawdown schedule (e.g., interim payments will be made against a work order, or payment will made in full at final completion). Drawdowns can be reprofiled at a later date provided they remain within the designated financial year, however profiling drawdowns at the end of the financial year should be minimised as far as possible. | D105: dfsafsfads dfsafd
B107: End of Sheet

Sheet 4. Risks
C2: 4. RISK ASSESSMENT
C4: Description of Risk to Project Delivery | D4: Potential Impact (1-5) | E4: Likelihood (1-5) | F4: Risk Rating (unmitigated) | G4: Proposed Mitigation (if any) | H4: Post mitigation Potential Impact (1-5) | I4: Post mitigation Likelihood (1-5) | J4: Risk Rating (mitigated)
F5: =D5*E5 -> 0 | J5: =H5*I5 -> 0
F6: =D6*E6 -> 0 | J6: =H6*I6 -> 0
F7: =D7*E7 -> 0 | J7: =H7*I7 -> 0
F8: =D8*E8 -> 0 | J8: =H8*I8 -> 0
F9: =D9*E9 -> 0 | J9: =H9*I9 -> 0
F10: =D10*E10 -> 0 | J10: =H10*I10 -> 0
F11: =D11*E11 -> 0 | J11: =H11*I11 -> 0
F12: =D12*E12 -> 0 | J12: =H12*I12 -> 0
B19: End of Sheet

Sheet 5. Summary & Declaration
C2: 5. Application Submittal
C10: 5.1 Completeness Check
G12: Complete?
E13: 1. Applicant Details | G13: FALSE | O13: (A1)
E15: 2. Project Details | G15: FALSE | O15: (A2)
E17: 3. Eligible Cost Breakdown | G17: FALSE | O17: (A3)
E19: 4. Risks | G19: FALSE | O19: (A4)
G21: =IF(G13*G15*G17*G19=0,"not all checkboxes checked","") -> not all checkboxes checked
C22: 5.2 Supporting Information
G24: Attached? | I24: Document name including three letter file type
C25: Feasibility study / Investment Grade Proposal demonstrating that project is technically feasible | G25: FALSE | O25: (B1)
C27: Suppliers quote for the works | G27: FALSE | O27: (B2)
C29: Drawings (plan and elevation) illustrating the location of the heat source and the scale (optional) | G29: FALSE | O29: (B3)
C31: Specification sheet for the heat pump / other low carbon heat source proposed | G31: FALSE | O31: (B4)
C33: Evidence of the coefficient of performance of the heat pump (where applicable) | G33: FALSE | O33: (B5)
C35: Evidence that any complementary funding is in place e.g. letters confirming funding | G35: FALSE | O35: (B6)
C37: A RAG assessment of the major risks to project delivery | G37: FALSE | O37: (B7)
C39: 5.3 Financial Summary and Declaration
F41: Financial Year 25/26 | I41: Financial Year 26/27
C42: Grant Application Request | G42: ='3. Eligible Cost Breakdown'!D94 -> 0 | J42: ='3. Eligible Cost Breakdown'!D103 -> 0
C44: Expected drawdown: | F44: =IF('3. Eligible Cost Breakdown'!C89="","",'3. Eligible Cost Breakdown'!C89) | G44: ='3. Eligible Cost Breakdown'!D89 -> 0 | I44: =IF('3. Eligible Cost Breakdown'!C98="","",'3. Eligible Cost Breakdown'!C98) | J44: ='3. Eligible Cost Breakdown'!D98 -> 0
F45: =IF('3. Eligible Cost Breakdown'!C90="","",'3. Eligible Cost Breakdown'!C90) | G45: ='3. Eligible Cost Breakdown'!D90 -> 0 | I45: =IF('3. Eligible Cost Breakdown'!C99="","",'3. Eligible Cost Breakdown'!C99) | J45: ='3. Eligible Cost Breakdown'!D99 -> 0
F46: =IF('3. Eligible Cost Breakdown'!C91="","",'3. Eligible Cost Breakdown'!C91) | G46: ='3. Eligible Cost Breakdown'!D91 -> 0 | I46: =IF('3. Eligible Cost Breakdown'!C100="","",'3. Eligible Cost Breakdown'!C100) | J46: ='3. Eligible Cost Breakdown'!D100 -> 0
F47: =IF('3. Eligible Cost Breakdown'!C92="","",'3. Eligible Cost Breakdown'!C92) | G47: ='3. Eligible Cost Breakdown'!D92 -> 0 | I47: =IF('3. Eligible Cost Breakdown'!C101="","",'3. Eligible Cost Breakdown'!C101) | J47: ='3. Eligible Cost Breakdown'!D101 -> 0
C50: If you are applying for a phased or part spend of a project, please confirm that you are committed to completing the project with other funding as required. (note; accepting this term will not preclude you from applying for any future rounds of the Local Authority Low Carbon Heat Grant, including for future spend on this project.) | G50: FALSE | O50: (C0)
C52: We confirm that we understand that the project value is not flexible between financial years | G52: FALSE | O52: (C1)
C54: We confirm that our contribution of funding (10%+) is secured and will be available against each drawdown of funding | G54: FALSE | O54: (C2)
C56: We confirm that we understand drawdown of funding will be in arrears | G56: FALSE | O56: (C3)
C58: We confirm that our multiple sites are listed in our priority order, and that grant offers may be made for a reduced number of sites to ensure reasonable and fair distribution of funding | G58: FALSE | O58: (C4)
C60: We confirm that recoverable VAT has not been included in project costs applied for (or as part of our contribution) | G60: FALSE | O60: (C5)
C62: We understand that low carbon heat solutions may lead to a increase in energy costs, and that these costs can be covered | G62: FALSE | O62: (C6)
C64: We confirm that we will be ready to go into contract soon after grant award | G64: FALSE | O64: (C7)
C66: We confirm that we have senior commitment for the project | G66: FALSE | O66: (C8)
C68: I understand the requirement for a periodic update report with accurate updates to drawdown profiles. | G68: FALSE | O68: (C9)
C70: By ticking this checkbox I hereby confirm that to the best of my knowledge the application is complete and correct, and that I have the authority to apply for the organisation. Please Print Name | G70: FALSE | K70: Please print name | O70: (C10)
G74: =IF(G50*G52*G54*G56*G58*G60*G62*G64*G66*G68*G70=0,"not all checkboxes checked","") -> not all checkboxes checked
B75: 5.4 Grant Offer Letter
C77: Preferred Grant Offer Letter and other document language: | G77: Please select | O77: (C11)
C79: Will the Sponsoring Director be signing the Grant Offer Letter? | G79: Please select | O79: (C12)
C80: (If the answer is 'no' and the Sponsoring Director will not be signing the GOL, | I80: =IF(G79="No", "Print Name", "") | L80: =IF(G79="No", "E-mail address", "")
C81: please fill in the name and email of someone of equal or higher authority.)
G83: =IF(OR(G77="Please select",G79="Please select",ISBLANK(I79),ISBLANK(L79)), "section incomplete","") -> section incomplete
C84: End of Application | F84: STATUS | G84: =IF(OR(G21="not all checkboxes checked",G74="not all checkboxes checked",G83="section incomplete"),"not all sections complete","") -> not all sections complete | J84: =IF(AND(I79="",G79="No"),"no name given","") | M84: =IF(AND(L79="",G79="No"),"no email given","")
C86: =IF(AND(G84="",J84="",M84=""),'Guidance Notes'!C31,"")

Sheet RedFlags
D1: 1 | E1: 2 | F1: 3 | G1: 4 | H1: 5 | I1: 6 | J1: 7 | K1: 8 | L1: 9 | M1: 10 | P1: APPLICANT DETAILS
B2: 1. Applicant Details
B4: Compliance | D4: Reponse | E4: ='1. Applicant Details'!H19 -> Pass / Fail | P4: Evaluation Response: | R4: Evaluation Commentary:
C5: Please confirm your organisation either owns, long term leases, or reports the carbon emissions for these buildings | D5: ='1. Applicant Details'!E20 -> FALSE | E5: ='1. Applicant Details'!H20 -> Fail
C6: Please confirm your organisation is retaining the building / lease for at least 10 years | D6: ='1. Applicant Details'!E22 -> FALSE | E6: ='1. Applicant Details'!H22 -> Fail
C7: Please confirm the applicant is a Local Authority | D7: ='1. Applicant Details'!E24 -> FALSE | E7: ='1. Applicant Details'!H24 -> Fail
C8: Please confirm the proposed works are yet to start | D8: ='1. Applicant Details'!E26 -> FALSE | E8: ='1. Applicant Details'!H26 -> Fail
C9: ='1. Applicant Details'!D28 -> Please confirm the proposed works will be completed by 31st March 2026 | D9: ='1. Applicant Details'!E28 -> FALSE | E9: ='1. Applicant Details'!H28 -> Fail
C11: Are any of the projects in this application related to district heating? | D11: ='1. Applicant Details'!E30 -> Please select
C12: Are any of the projects in this application dependent on another funding stream? | D12: ='1. Applicant Details'!E32 -> Please select | E12: ='1. Applicant Details'!H32
C13: Are any of the projects in this application dependent on the timing of another project? | D13: ='1. Applicant Details'!E34 -> Please select
B14: Procurement
C15: Are you intending on delivering these projects via a Re:fit contract? | D15: ='1. Applicant Details'!E37 -> Please select
C16: Do you have a detailed design or investment grade proposal in place? | D16: ='1. Applicant Details'!E39 -> Please select
C17: Please indicate which stage of the procurement process you are at. | D17: ='1. Applicant Details'!E41 -> Please select
B19: 2. Project Details | P19: PROJECT DETAILS
B21: Building details | P21: Evaluation Response: | R21: Evaluation Commentary:
C22: ='2. Project Details'!C12 -> Type of building | D22: ='2. Project Details'!D12 -> Please select | E22: ='2. Project Details'!F12 -> Please select | F22: ='2. Project Details'!H12 -> Please select | G22: ='2. Project Details'!J12 -> Please select | H22: ='2. Project Details'!L12 -> Please select | I22: ='2. Project Details'!N12 -> Please select | J22: ='2. Project Details'!P12 -> Please select | K22: ='2. Project Details'!R12 -> Please select | L22: ='2. Project Details'!T12 -> Please select | M22: ='2. Project Details'!V12 -> Please select
C23: ='2. Project Details'!C14 -> Gross Internal Floor Area of Building (m2) | D23: ='2. Project Details'!D14 -> 0 | E23: ='2. Project Details'!F14 -> 0 | F23: ='2. Project Details'!H14 -> 0 | G23: ='2. Project Details'!J14 -> 0 | H23: ='2. Project Details'!L14 -> 0 | I23: ='2. Project Details'!N14 -> 0 | J23: ='2. Project Details'!P14 -> 0 | K23: ='2. Project Details'!R14 -> 0 | L23: ='2. Project Details'!T14 -> 0 | M23: ='2. Project Details'!V14 -> 0
C24: ='2. Project Details'!C16 -> Confirm you are retaining ownership / lease of this building for at least 10 years | D24: ='2. Project Details'!D16 -> Please select | E24: ='2. Project Details'!F16 -> Please select | F24: ='2. Project Details'!H16 -> Please select | G24: ='2. Project Details'!J16 -> Please select | H24: ='2. Project Details'!L16 -> Please select | I24: ='2. Project Details'!N16 -> Please select | J24: ='2. Project Details'!P16 -> Please select | K24: ='2. Project Details'!R16 -> Please select | L24: ='2. Project Details'!T16 -> Please select | M24: ='2. Project Details'!V16 -> Please select
C25: ='2. Project Details'!C18 -> Is the building in the vicinity of an existing or planned heat network? | D25: ='2. Project Details'!D18 -> Please select | E25: ='2. Project Details'!F18 -> Please select | F25: ='2. Project Details'!H18 -> Please select | G25: ='2. Project Details'!J18 -> Please select | H25: ='2. Project Details'!L18 -> Please select | I25: ='2. Project Details'!N18 -> Please select | J25: ='2. Project Details'!P18 -> Please select | K25: ='2. Project Details'!R18 -> Please select | L25: ='2. Project Details'!T18 -> Please select | M25: ='2. Project Details'!V18 -> Please select
B27: Existing
C28: ='2. Project Details'!C33 -> Existing main heat source in building | D28: ='2. Project Details'!D33 -> Please select | E28: ='2. Project Details'!F33 -> Please select | F28: ='2. Project Details'!H33 -> Please select | G28: ='2. Project Details'!J33 -> Please select | H28: ='2. Project Details'!L33 -> Please select | I28: ='2. Project Details'!N33 -> Please select | J28: ='2. Project Details'!P33 -> Please select | K28: ='2. Project Details'!R33 -> Please select | L28: ='2. Project Details'!T33 -> Please select | M28: ='2. Project Details'!V33 -> Please select
C29: ='2. Project Details'!C35 -> Existing fuel type | D29: ='2. Project Details'!D35 -> Please select | E29: ='2. Project Details'!F35 -> Please select | F29: ='2. Project Details'!H35 -> Please select | G29: ='2. Project Details'!J35 -> Please select | H29: ='2. Project Details'!L35 -> Please select | I29: ='2. Project Details'!N35 -> Please select | J29: ='2. Project Details'!P35 -> Please select | K29: ='2. Project Details'!R35 -> Please select | L29: ='2. Project Details'!T35 -> Please select | M29: ='2. Project Details'!V35 -> Please select
C30: ='2. Project Details'!C37 -> Age of main equipment (years) | D30: ='2. Project Details'!D37 -> 0 | E30: ='2. Project Details'!F37 -> 0 | F30: ='2. Project Details'!H37 -> 0 | G30: ='2. Project Details'!J37 -> 0 | H30: ='2. Project Details'!L37 -> 0 | I30: ='2. Project Details'!N37 -> 0 | J30: ='2. Project Details'!P37 -> 0 | K30: ='2. Project Details'!R37 -> 0 | L30: ='2. Project Details'!T37 -> 0 | M30: ='2. Project Details'!V37 -> 0
C31: ='2. Project Details'!C94 -> Total annual heat demand output (kWh) | D31: ='2. Project Details'!D94 -> 0 | E31: ='2. Project Details'!F94 -> 0 | F31: ='2. Project Details'!H94 -> 0 | G31: ='2. Project Details'!J94 -> 0 | H31: ='2. Project Details'!L94 -> 0 | I31: ='2. Project Details'!N94 -> 0 | J31: ='2. Project Details'!P94 -> 0 | K31: ='2. Project Details'!R94 -> 0 | L31: ='2. Project Details'!T94 -> 0 | M31: ='2. Project Details'!V94 -> 0
C32: ='2. Project Details'!C100 -> Percent heat served by main heat generation | D32: ='2. Project Details'!D100 | E32: ='2. Project Details'!F100 | F32: ='2. Project Details'!H100 | G32: ='2. Project Details'!J100 | H32: ='2. Project Details'!L100 | I32: ='2. Project Details'!N100 | J32: ='2. Project Details'!P100 | K32: ='2. Project Details'!R100 | L32: ='2. Project Details'!T100 | M32: ='2. Project Details'!V100
C33: ='2. Project Details'!C101 -> Percent heat served by secondary heat generation | D33: ='2. Project Details'!D101 -> 0 | E33: ='2. Project Details'!F101 -> 0 | F33: ='2. Project Details'!H101 -> 0 | G33: ='2. Project Details'!J101 -> 0 | H33: ='2. Project Details'!L101 -> 0 | I33: ='2. Project Details'!N101 -> 0 | J33: ='2. Project Details'!P101 -> 0 | K33: ='2. Project Details'!R101 -> 0 | L33: ='2. Project Details'!T101 -> 0 | M33: ='2. Project Details'!V101 -> 0
C34: ='2. Project Details'!C102 -> Percent heat served by further heat generation | D34: ='2. Project Details'!D102 -> 0 | E34: ='2. Project Details'!F102 -> 0 | F34: ='2. Project Details'!H102 -> 0 | G34: ='2. Project Details'!J102 -> 0 | H34: ='2. Project Details'!L102 -> 0 | I34: ='2. Project Details'!N102 -> 0 | J34: ='2. Project Details'!P102 -> 0 | K34: ='2. Project Details'!R102 -> 0 | L34: ='2. Project Details'!T102 -> 0 | M34: ='2. Project Details'!V102 -> 0
B36: Enabling & Energy Efficiency
C37: ='2. Project Details'!C111 -> Please indicate the design temperature for the project:
C38: ='2. Project Details'!C112 -> Heating output flow temperature | D38: ='2. Project Details'!D112 -> 0 | E38: ='2. Project Details'!F112 -> 0 | F38: ='2. Project Details'!H112 -> 0 | G38: ='2. Project Details'!J112 -> 0 | H38: ='2. Project Details'!L112 -> 0 | I38: ='2. Project Details'!N112 -> 0 | J38: ='2. Project Details'!P112 -> 0 | K38: ='2. Project Details'!R112 -> 0 | L38: ='2. Project Details'!T112 -> 0 | M38: ='2. Project Details'!V112 -> 0
C39: ='2. Project Details'!C114 -> Domestic hot water temperature | D39: ='2. Project Details'!D114 -> 0 | E39: ='2. Project Details'!F114 -> 0 | F39: ='2. Project Details'!H114 -> 0 | G39: ='2. Project Details'!J114 -> 0 | H39: ='2. Project Details'!L114 -> 0 | I39: ='2. Project Details'!N114 -> 0 | J39: ='2. Project Details'!P114 -> 0 | K39: ='2. Project Details'!R114 -> 0 | L39: ='2. Project Details'!T114 -> 0 | M39: ='2. Project Details'!V114 -> 0
C41: ='2. Project Details'!C117 -> Please indicate if the following measures are included in your project:
C42: ='2. Project Details'!C118 -> Replacing radiators | D42: ='2. Project Details'!D118 -> Please select | E42: ='2. Project Details'!F118 -> Please select | F42: ='2. Project Details'!H118 -> Please select | G42: ='2. Project Details'!J118 -> Please select | H42: ='2. Project Details'!L118 -> Please select | I42: ='2. Project Details'!N118 -> Please select | J42: ='2. Project Details'!P118 -> 0 | K42: ='2. Project Details'!R118 -> 0 | L42: ='2. Project Details'!T118 -> 0 | M42: ='2. Project Details'!V118 -> Please select
C43: ='2. Project Details'!C120 -> Replacing AHU heating coils | D43: ='2. Project Details'!D120 -> Please select | E43: ='2. Project Details'!F120 -> Please select | F43: ='2. Project Details'!H120 -> Please select | G43: ='2. Project Details'!J120 -> Please select | H43: ='2. Project Details'!L120 -> Please select | I43: ='2. Project Details'!N120 -> 0 | J43: ='2. Project Details'!P120 -> 0 | K43: ='2. Project Details'!R120 -> 0 | L43: ='2. Project Details'!T120 -> 0 | M43: ='2. Project Details'!V120 -> Please select
C44: ='2. Project Details'!C122 -> Heating circuit upgrades | D44: ='2. Project Details'!D122 -> Please select | E44: ='2. Project Details'!F122 -> Please select | F44: ='2. Project Details'!H122 -> Please select | G44: ='2. Project Details'!J122 -> Please select | H44: ='2. Project Details'!L122 -> Please select | I44: ='2. Project Details'!N122 -> 0 | J44: ='2. Project Details'!P122 -> 0 | K44: ='2. Project Details'!R122 -> 0 | L44: ='2. Project Details'!T122 -> 0 | M44: ='2. Project Details'!V122 -> Please select
C45: ='2. Project Details'!#REF! -> #REF! | D45: ='2. Project Details'!#REF! -> #REF! | E45: ='2. Project Details'!#REF! -> #REF! | F45: ='2. Project Details'!#REF! -> #REF! | G45: ='2. Project Details'!#REF! -> #REF! | H45: ='2. Project Details'!#REF! -> #REF! | I45: ='2. Project Details'!#REF! -> #REF! | J45: ='2. Project Details'!#REF! -> #REF! | ... M45: ='2. Project Details'!#REF! -> #REF!
C46: ='2. Project Details'!C124 -> Other (please note): | D46: ='2. Project Details'!D124 -> 0 | E46: ='2. Project Details'!F124 -> 0 | F46: ='2. Project Details'!H124 -> 0 | G46: ='2. Project Details'!J124 -> 0 | H46: ='2. Project Details'!L124 -> 0 | I46: ='2. Project Details'!N124 -> 0 | J46: ='2. Project Details'!P124 -> 0 | K46: ='2. Project Details'!R124 -> 0 | L46: ='2. Project Details'!T124 -> 0 | M46: ='2. Project Details'!V124 -> none
C47: ='2. Project Details'!#REF! -> #REF! | D47: ='2. Project Details'!#REF! -> #REF! | E47: ='2. Project Details'!#REF! -> #REF! | F47: ='2. Project Details'!#REF! -> #REF! | G47: ='2. Project Details'!#REF! -> #REF! | H47: ='2. Project Details'!#REF! -> #REF! | I47: ='2. Project Details'!#REF! -> #REF! | J47: ='2. Project Details'!#REF! -> #REF! | ... M47: ='2. Project Details'!#REF! -> #REF!
C49: ='2. Project Details'!C127 -> Please indicate if the following measures are included in your project:
C50: ='2. Project Details'!C128 -> Loft insulation | D50: ='2. Project Details'!D128 -> Please select | E50: ='2. Project Details'!F128 -> Please select | F50: ='2. Project Details'!H128 -> Please select | G50: ='2. Project Details'!J128 -> Please select | H50: ='2. Project Details'!L128 -> Please select | I50: ='2. Project Details'!N128 -> 0 | J50: ='2. Project Details'!P128 -> 0 | K50: ='2. Project Details'!R128 -> 0 | L50: ='2. Project Details'!T128 -> 0 | M50: ='2. Project Details'!V128 -> Please select
C51: ='2. Project Details'!C130 -> Cavity wall insulation (where suitable) | D51: ='2. Project Details'!D130 -> Please select | E51: ='2. Project Details'!F130 -> Please select | F51: ='2. Project Details'!H130 -> Please select | G51: ='2. Project Details'!J130 -> Please select | H51: ='2. Project Details'!L130 -> Please select | I51: ='2. Project Details'!N130 -> 0 | J51: ='2. Project Details'!P130 -> 0 | K51: ='2. Project Details'!R130 -> 0 | L51: ='2. Project Details'!T130 -> 0 | M51: ='2. Project Details'!V130 -> Please select
C52: ='2. Project Details'!C132 -> Window / door draught proofing | D52: ='2. Project Details'!D132 -> Please select | E52: ='2. Project Details'!F132 -> Please select | F52: ='2. Project Details'!H132 -> Please select | G52: ='2. Project Details'!J132 -> Please select | H52: ='2. Project Details'!L132 -> Please select | I52: ='2. Project Details'!N132 -> 0 | J52: ='2. Project Details'!P132 -> 0 | K52: ='2. Project Details'!R132 -> 0 | L52: ='2. Project Details'!T132 -> 0 | M52: ='2. Project Details'!V132 -> Please select
C53: ='2. Project Details'!C134 -> Other (please note): | D53: ='2. Project Details'!D134 -> 0 | E53: ='2. Project Details'!F134 -> 0 | F53: ='2. Project Details'!H134 -> 0 | G53: ='2. Project Details'!J134 -> 0 | H53: ='2. Project Details'!L134 -> 0 | I53: ='2. Project Details'!N134 -> 0 | J53: ='2. Project Details'!P134 -> 0 | K53: ='2. Project Details'!R134 -> 0 | L53: ='2. Project Details'!T134 -> 0 | M53: ='2. Project Details'!V134 -> none
C54: ='2. Project Details'!C138 -> What are the calculated heat savings from these measures? kWh output per annum | D54: ='2. Project Details'!D138 -> 0 | E54: ='2. Project Details'!F138 -> 0 | F54: ='2. Project Details'!H138 -> 0 | G54: ='2. Project Details'!J138 -> 0 | H54: ='2. Project Details'!L138 -> 0 | I54: ='2. Project Details'!N138 -> 0 | J54: ='2. Project Details'!P138 -> 0 | K54: ='2. Project Details'!R138 -> 0 | L54: ='2. Project Details'!T138 -> 0 | M54: ='2. Project Details'!V138 -> 0
B56: Low Carbon Heat Generation
C57: ='2. Project Details'!C154 -> Is secondary heat generation needed for heating? i.e. a top-up if the primary heat pump can't provide the full load | D57: ='2. Project Details'!D154 -> FALSE | E57: ='2. Project Details'!F154 -> 0 | F57: ='2. Project Details'!H154 -> 0 | G57: ='2. Project Details'!J154 -> 0 | H57: ='2. Project Details'!L154 -> 0 | I57: ='2. Project Details'!N154 -> FALSE | J57: ='2. Project Details'!P154 -> 0 | K57: ='2. Project Details'!R154 -> 0 | L57: ='2. Project Details'!T154 -> 0 | M57: ='2. Project Details'!V154 -> FALSE
C58: ='2. Project Details'!C156 -> Is further heat generation needed for domestic hot water or other heat use? | D58: ='2. Project Details'!D156 -> FALSE | E58: ='2. Project Details'!F156 -> FALSE | F58: ='2. Project Details'!H156 -> FALSE | G58: ='2. Project Details'!J156 -> FALSE | H58: ='2. Project Details'!L156 -> 0 | I58: ='2. Project Details'!N156 -> FALSE | J58: ='2. Project Details'!P156 -> 0 | K58: ='2. Project Details'!R156 -> 0 | L58: ='2. Project Details'!T156 -> 0 | M58: ='2. Project Details'!V156 -> FALSE
C60: Primary low carbon heat generation
C61: ='2. Project Details'!C160 -> Primary low carbon heat generation technology type | D61: ='2. Project Details'!D160 -> Please select | E61: ='2. Project Details'!F160 -> Please select | F61: ='2. Project Details'!H160 -> Please select | G61: ='2. Project Details'!J160 -> Please select | H61: ='2. Project Details'!L160 -> Please select | I61: ='2. Project Details'!N160 -> Please select | J61: ='2. Project Details'!P160 -> Please select | K61: ='2. Project Details'!R160 -> Please select | L61: ='2. Project Details'!T160 -> Please select | M61: ='2. Project Details'!V160 -> Please select
C62: ='2. Project Details'!C164 -> Capacity installed (kW heat) | D62: ='2. Project Details'!D164 -> 0 | E62: ='2. Project Details'!F164 -> 0 | F62: ='2. Project Details'!H164 -> 0 | G62: ='2. Project Details'!J164 -> 0 | H62: ='2. Project Details'!L164 -> 0 | I62: ='2. Project Details'!N164 -> 0 | J62: ='2. Project Details'!P164 -> 0 | K62: ='2. Project Details'!R164 -> 0 | L62: ='2. Project Details'!T164 -> 0 | M62: ='2. Project Details'!V164 -> 0
C63: ='2. Project Details'!C170 -> Expected Seasonal Coefficient of Performance / Efficiency | D63: ='2. Project Details'!D170 | E63: ='2. Project Details'!F170 | F63: ='2. Project Details'!H170 | G63: ='2. Project Details'!J170 | H63: ='2. Project Details'!L170 | I63: ='2. Project Details'!N170 | J63: ='2. Project Details'!P170 | K63: ='2. Project Details'!R170 | L63: ='2. Project Details'!T170 | M63: ='2. Project Details'!V170
C65: Secondary low carbon heat generation
C66: ='2. Project Details'!C178 -> Type of use for heat | D66: ='2. Project Details'!D178 -> Please select | E66: ='2. Project Details'!F178 -> Please select | F66: ='2. Project Details'!H178 -> Please select | G66: ='2. Project Details'!J178 -> Please select | H66: ='2. Project Details'!L178 -> Please select | I66: ='2. Project Details'!N178 -> 0 | J66: ='2. Project Details'!P178 -> 0 | K66: ='2. Project Details'!R178 -> 0 | L66: ='2. Project Details'!T178 -> 0 | M66: ='2. Project Details'!V178 -> Please select
C67: ='2. Project Details'!C180 -> Heat generation technology type | D67: ='2. Project Details'!D180 -> Please select | E67: ='2. Project Details'!F180 -> Please select | F67: ='2. Project Details'!H180 -> Please select | G67: ='2. Project Details'!J180 -> Please select | H67: ='2. Project Details'!L180 -> Please select | I67: ='2. Project Details'!N180 -> 0 | J67: ='2. Project Details'!P180 -> 0 | K67: ='2. Project Details'!R180 -> 0 | L67: ='2. Project Details'!T180 -> 0 | M67: ='2. Project Details'!V180 -> Please select
C68: ='2. Project Details'!C184 -> Capacity installed (kW heat) | D68: ='2. Project Details'!D184 -> 0 | E68: ='2. Project Details'!F184 -> 0 | F68: ='2. Project Details'!H184 -> 0 | G68: ='2. Project Details'!J184 -> 0 | H68: ='2. Project Details'!L184 -> 0 | I68: ='2. Project Details'!N184 -> 0 | J68: ='2. Project Details'!P184 -> 0 | K68: ='2. Project Details'!R184 -> 0 | L68: ='2. Project Details'!T184 -> 0 | M68: ='2. Project Details'!V184 -> 0
C69: ='2. Project Details'!C190 -> Expected Seasonal Coefficient of Performance / Efficiency | D69: ='2. Project Details'!D190 | E69: ='2. Project Details'!F190 | F69: ='2. Project Details'!H190 | G69: ='2. Project Details'!J190 | H69: ='2. Project Details'!L190 | I69: ='2. Project Details'!N190 | J69: ='2. Project Details'!P190 | K69: ='2. Project Details'!R190 | L69: ='2. Project Details'!T190 | M69: ='2. Project Details'!V190
C71: Further low carbon heat generation
C72: ='2. Project Details'!C199 -> Type of use for heat | D72: ='2. Project Details'!D199 -> Please select | E72: ='2. Project Details'!F199 -> Please select | F72: ='2. Project Details'!H199 -> Please select | G72: ='2. Project Details'!J199 -> Please select | H72: ='2. Project Details'!L199 -> Please select | I72: ='2. Project Details'!N199 -> 0 | J72: ='2. Project Details'!P199 -> 0 | K72: ='2. Project Details'!R199 -> 0 | L72: ='2. Project Details'!T199 -> 0 | M72: ='2. Project Details'!V199 -> Please select
C73: ='2. Project Details'!C201 -> Heat generation technology type | D73: ='2. Project Details'!D201 -> Please select | E73: ='2. Project Details'!F201 -> Please select | F73: ='2. Project Details'!H201 -> Please select | G73: ='2. Project Details'!J201 -> Please select | H73: ='2. Project Details'!L201 -> Please select | I73: ='2. Project Details'!N201 -> 0 | J73: ='2. Project Details'!P201 -> 0 | K73: ='2. Project Details'!R201 -> 0 | L73: ='2. Project Details'!T201 -> 0 | M73: ='2. Project Details'!V201 -> Please select
C74: ='2. Project Details'!C205 -> Capacity installed (kW heat) | D74: ='2. Project Details'!D205 -> 0 | E74: ='2. Project Details'!F205 -> 0 | F74: ='2. Project Details'!H205 -> 0 | G74: ='2. Project Details'!J205 -> 0 | H74: ='2. Project Details'!L205 -> 0 | I74: ='2. Project Details'!N205 -> 0 | J74: ='2. Project Details'!P205 -> 0 | K74: ='2. Project Details'!R205 -> 0 | L74: ='2. Project Details'!T205 -> 0 | M74: ='2. Project Details'!V205 -> 0
C75: ='2. Project Details'!C211 -> Expected Seasonal Coefficient of Performance / Efficiency | D75: ='2. Project Details'!D211 | E75: ='2. Project Details'!F211 | F75: ='2. Project Details'!H211 | G75: ='2. Project Details'!J211 | H75: ='2. Project Details'!L211 | I75: ='2. Project Details'!N211 | J75: ='2. Project Details'!P211 | K75: ='2. Project Details'!R211 | L75: ='2. Project Details'!T211 | M75: ='2. Project Details'!V211 | N75: ='2. Project Details'!N211
B77: Summary of low carbon heat generation
C78: ='2. Project Details'!C221 -> Percentage low carbon heat output compared to existing demand (after fabric upgrade reductions) | D78: ='2. Project Details'!D221 | E78: ='2. Project Details'!F221 | F78: ='2. Project Details'!H221 | G78: ='2. Project Details'!J221 | H78: ='2. Project Details'!L221 | I78: ='2. Project Details'!N221 | J78: ='2. Project Details'!P221 | K78: ='2. Project Details'!R221 | L78: ='2. Project Details'!T221 | M78: ='2. Project Details'!V221
C79: ='2. Project Details'!C223 -> Percent heat served by main heat generation | D79: ='2. Project Details'!D223 | E79: ='2. Project Details'!F223 | F79: ='2. Project Details'!H223 | G79: ='2. Project Details'!J223 | H79: ='2. Project Details'!L223 | I79: ='2. Project Details'!N223 | J79: ='2. Project Details'!P223 | K79: ='2. Project Details'!R223 | L79: ='2. Project Details'!T223 | M79: ='2. Project Details'!V223
C80: ='2. Project Details'!C224 -> Percent heat served by secondary heat generation | D80: ='2. Project Details'!D224 -> 0 | E80: ='2. Project Details'!F224 -> 0 | F80: ='2. Project Details'!H224 -> 0 | G80: ='2. Project Details'!J224 -> 0 | H80: ='2. Project Details'!L224 -> 0 | I80: ='2. Project Details'!N224 -> 0 | J80: ='2. Project Details'!P224 -> 0 | K80: ='2. Project Details'!R224 -> 0 | L80: ='2. Project Details'!T224 -> 0 | M80: ='2. Project Details'!V224 -> 0
C81: ='2. Project Details'!C225 -> Percent heat served by further heat generation | D81: ='2. Project Details'!D225 -> 0 | E81: ='2. Project Details'!F225 -> 0 | F81: ='2. Project Details'!H225 -> 0 | G81: ='2. Project Details'!J225 -> 0 | H81: ='2. Project Details'!L225 -> 0 | I81: ='2. Project Details'!N225 -> 0 | J81: ='2. Project Details'!P225 -> 0 | K81: ='2. Project Details'!R225 -> 0 | L81: ='2. Project Details'!T225 -> 0 | M81: ='2. Project Details'!V225 -> 0
C83: ='2. Project Details'!C227 -> Total capacity installed (kW) | D83: ='2. Project Details'!D227 -> 0 | E83: ='2. Project Details'!F227 -> 0 | F83: ='2. Project Details'!H227 -> 0 | G83: ='2. Project Details'!J227 -> 0 | H83: ='2. Project Details'!L227 -> 0 | I83: ='2. Project Details'!N227 -> 0 | J83: ='2. Project Details'!P227 -> 0 | K83: ='2. Project Details'!R227 -> 0 | L83: ='2. Project Details'!T227 -> 0 | M83: ='2. Project Details'!V227 -> 0
C84: ='2. Project Details'!C229 -> Percentage low carbon heat capacity compared to existing | D84: ='2. Project Details'!D229 | E84: ='2. Project Details'!F229 | F84: ='2. Project Details'!H229 | G84: ='2. Project Details'!J229 | H84: ='2. Project Details'!L229 | I84: ='2. Project Details'!N229 | J84: ='2. Project Details'!P229 | K84: ='2. Project Details'!R229 | L84: ='2. Project Details'!T229 | M84: ='2. Project Details'!V229
C86: ='2. Project Details'!C239 -> CO2e Emissions per kWh heat (gCO2e/kWh) | D86: ='2. Project Details'!D239 | E86: ='2. Project Details'!F239 | F86: ='2. Project Details'!H239 | G86: ='2. Project Details'!J239 | H86: ='2. Project Details'!L239 | I86: ='2. Project Details'!N239 | J86: ='2. Project Details'!P239 | K86: ='2. Project Details'!R239 | L86: ='2. Project Details'!T239 | M86: ='2. Project Details'!V239
P88: PROJECT TIMELINE | R88: PROJECT TIMELINE
B89: Project Timeline | P89: Evaluation Response: | R89: Evaluation Commentary:
C90: ='2. Project Details'!C248 -> Tender Process (if applicable) | D90: ='2. Project Details'!D248 -> 0 | E90: ='2. Project Details'!F248 -> 0 | F90: ='2. Project Details'!H248 -> 0 | G90: ='2. Project Details'!J248 -> 0 | H90: ='2. Project Details'!L248 -> 0 | I90: ='2. Project Details'!N248 -> 0 | J90: ='2. Project Details'!P248 -> 0 | K90: ='2. Project Details'!R248 -> 0 | L90: ='2. Project Details'!T248 -> 0 | M90: ='2. Project Details'!V248 -> 0
C91: ='2. Project Details'!C249 -> Contractor Award | D91: ='2. Project Details'!D249 -> 0 | E91: ='2. Project Details'!F249 -> 0 | F91: ='2. Project Details'!H249 -> 0 | G91: ='2. Project Details'!J249 -> 0 | H91: ='2. Project Details'!L249 -> 0 | I91: ='2. Project Details'!N249 -> 0 | J91: ='2. Project Details'!P249 -> 0 | K91: ='2. Project Details'!R249 -> 0 | L91: ='2. Project Details'!T249 -> 0 | M91: ='2. Project Details'!V249 -> 0
C92: ='2. Project Details'!C250 -> Equipment Order | D92: ='2. Project Details'!D250 -> 0 | E92: ='2. Project Details'!F250 -> 0 | F92: ='2. Project Details'!H250 -> 0 | G92: ='2. Project Details'!J250 -> 0 | H92: ='2. Project Details'!L250 -> 0 | I92: ='2. Project Details'!N250 -> 0 | J92: ='2. Project Details'!P250 -> 0 | K92: ='2. Project Details'!R250 -> 0 | L92: ='2. Project Details'!T250 -> 0 | M92: ='2. Project Details'!V250 -> 0
C93: ='2. Project Details'!C251 -> On Site Works Begin | D93: ='2. Project Details'!D251 -> 0 | E93: ='2. Project Details'!F251 -> 0 | F93: ='2. Project Details'!H251 -> 0 | G93: ='2. Project Details'!J251 -> 0 | H93: ='2. Project Details'!L251 -> 0 | I93: ='2. Project Details'!N251 -> 0 | J93: ='2. Project Details'!P251 -> 0 | K93: ='2. Project Details'!R251 -> 0 | L93: ='2. Project Details'!T251 -> 0 | M93: ='2. Project Details'!V251 -> 0
C94: ='2. Project Details'!C252 -> On Site Works Complete / Commission date | D94: ='2. Project Details'!D252 -> 0 | E94: ='2. Project Details'!F252 -> 0 | F94: ='2. Project Details'!H252 -> 0 | G94: ='2. Project Details'!J252 -> 0 | H94: ='2. Project Details'!L252 -> 0 | I94: ='2. Project Details'!N252 -> 0 | J94: ='2. Project Details'!P252 -> 0 | K94: ='2. Project Details'!R252 -> 0 | L94: ='2. Project Details'!T252 -> 0 | M94: ='2. Project Details'!V252 -> 0
C96: ='2. Project Details'!C254 -> Please indicate which stage of the procurement process this project is currently at | D96: ='2. Project Details'!D254 -> Please select | E96: ='2. Project Details'!F254 -> Please select | F96: ='2. Project Details'!H254 -> Please select | G96: ='2. Project Details'!J254 -> Please select | H96: ='2. Project Details'!L254 -> Please select | I96: ='2. Project Details'!N254 -> Please select | J96: ='2. Project Details'!P254 -> Please select | K96: ='2. Project Details'!R254 -> 0 | L96: ='2. Project Details'!T254 -> 0 | M96: ='2. Project Details'!V254 -> Please select
C98: ='2. Project Details'!C256 -> Please indicate the project position on planning permission | D98: ='2. Project Details'!D256 -> Please select | E98: ='2. Project Details'!F256 -> Please select | F98: ='2. Project Details'!H256 -> Please select | G98: ='2. Project Details'!J256 -> Please select | H98: ='2. Project Details'!L256 -> Please select | I98: ='2. Project Details'!N256 -> Please select | J98: ='2. Project Details'!P256 -> Please select | K98: ='2. Project Details'!R256 -> 0 | L98: ='2. Project Details'!T256 -> 0 | M98: ='2. Project Details'!V256 -> Please select
C101: ='2. Project Details'!C258 -> Please indicate the project position on DNO upgrades / engagement | D101: ='2. Project Details'!D258 -> Please select | E101: ='2. Project Details'!F258 -> Please select | F101: ='2. Project Details'!H258 -> Please select | G101: ='2. Project Details'!J258 -> Please select | H101: ='2. Project Details'!L258 -> Please select | I101: ='2. Project Details'!N258 -> Please select | J101: ='2. Project Details'!P258 -> Please select | K101: ='2. Project Details'!R258 -> 0 | L101: ='2. Project Details'!T258 -> 0 | M101: ='2. Project Details'!V258 -> Please select
B105: 3. Eligible Costs Breakdown | P105: ELIGIBLE COSTS BREAKDOWN
B107: Cost Breakdown | D107: 1 | E107: 2 | F107: 3 | G107: 4 | H107: 5 | I107: 6 | J107: 7 | K107: 8 | L107: 9 | M107: 10 | P107: Evaluation Response: | R107: Evaluation Commentary:
C108: ='3. Eligible Cost Breakdown'!C13 -> Final Design and Project Management (£) | D108: ='3. Eligible Cost Breakdown'!K13 -> 0 | E108: ='3. Eligible Cost Breakdown'!M13 -> 0 | F108: ='3. Eligible Cost Breakdown'!O13 -> 0 | G108: ='3. Eligible Cost Breakdown'!Q13 -> 0 | H108: ='3. Eligible Cost Breakdown'!S13 -> 0 | I108: ='3. Eligible Cost Breakdown'!U13 -> 0 | J108: ='3. Eligible Cost Breakdown'!W13 -> 0 | K108: ='3. Eligible Cost Breakdown'!Y13 -> 0 | L108: ='3. Eligible Cost Breakdown'!AA13 -> 0 | M108: ='3. Eligible Cost Breakdown'!AC13 -> 0
C109: ='3. Eligible Cost Breakdown'!C14 -> % total cost | D109: ='3. Eligible Cost Breakdown'!K14 | E109: ='3. Eligible Cost Breakdown'!M14 | F109: ='3. Eligible Cost Breakdown'!O14 | G109: ='3. Eligible Cost Breakdown'!Q14 | H109: ='3. Eligible Cost Breakdown'!S14 | I109: ='3. Eligible Cost Breakdown'!U14 | J109: ='3. Eligible Cost Breakdown'!W14 | K109: ='3. Eligible Cost Breakdown'!Y14 | L109: ='3. Eligible Cost Breakdown'!AA14 | M109: ='3. Eligible Cost Breakdown'!AC14
C110: ='3. Eligible Cost Breakdown'!C16 -> Equipment Costs (£) - Heat Plant Costs | D110: ='3. Eligible Cost Breakdown'!K16 -> 0 | E110: ='3. Eligible Cost Breakdown'!M16 -> 0 | F110: ='3. Eligible Cost Breakdown'!O16 -> 0 | G110: ='3. Eligible Cost Breakdown'!Q16 -> 0 | H110: ='3. Eligible Cost Breakdown'!S16 -> 0 | I110: ='3. Eligible Cost Breakdown'!U16 -> 0 | J110: ='3. Eligible Cost Breakdown'!W16 -> 0 | K110: ='3. Eligible Cost Breakdown'!Y16 -> 0 | L110: ='3. Eligible Cost Breakdown'!AA16 -> 0 | M110: ='3. Eligible Cost Breakdown'!AC16 -> 0
C111: ='3. Eligible Cost Breakdown'!C17 -> £/kW | D111: ='3. Eligible Cost Breakdown'!K17 | E111: ='3. Eligible Cost Breakdown'!M17 | F111: ='3. Eligible Cost Breakdown'!O17 | G111: ='3. Eligible Cost Breakdown'!Q17 | H111: ='3. Eligible Cost Breakdown'!S17 | I111: ='3. Eligible Cost Breakdown'!U17 | J111: ='3. Eligible Cost Breakdown'!W17 | K111: ='3. Eligible Cost Breakdown'!Y17 | L111: ='3. Eligible Cost Breakdown'!AA17 | M111: ='3. Eligible Cost Breakdown'!AC17
C112: ='3. Eligible Cost Breakdown'!C18 -> % total cost | D112: ='3. Eligible Cost Breakdown'!K18 | E112: ='3. Eligible Cost Breakdown'!M18 | F112: ='3. Eligible Cost Breakdown'!O18 | G112: ='3. Eligible Cost Breakdown'!Q18 | H112: ='3. Eligible Cost Breakdown'!S18 | I112: ='3. Eligible Cost Breakdown'!U18 | J112: ='3. Eligible Cost Breakdown'!W18 | K112: ='3. Eligible Cost Breakdown'!Y18 | L112: ='3. Eligible Cost Breakdown'!AA18 | M112: ='3. Eligible Cost Breakdown'!AC18
C113: ='3. Eligible Cost Breakdown'!C26 -> Monitoring and Controls (£) - heating smart controls, related BMS upgrades | D113: ='3. Eligible Cost Breakdown'!K26 -> 0 | E113: ='3. Eligible Cost Breakdown'!M26 -> 0 | F113: ='3. Eligible Cost Breakdown'!O26 -> 0 | G113: ='3. Eligible Cost Breakdown'!Q26 -> 0 | H113: ='3. Eligible Cost Breakdown'!S26 -> 0 | I113: ='3. Eligible Cost Breakdown'!U26 -> 0 | J113: ='3. Eligible Cost Breakdown'!W26 -> 0 | K113: ='3. Eligible Cost Breakdown'!Y26 -> 0 | L113: ='3. Eligible Cost Breakdown'!AA26 -> 0 | M113: ='3. Eligible Cost Breakdown'!AC26 -> 0
C114: ='3. Eligible Cost Breakdown'!C27 -> % total cost | D114: ='3. Eligible Cost Breakdown'!K27 | E114: ='3. Eligible Cost Breakdown'!M27 | F114: ='3. Eligible Cost Breakdown'!O27 | G114: ='3. Eligible Cost Breakdown'!Q27 | H114: ='3. Eligible Cost Breakdown'!S27 | I114: ='3. Eligible Cost Breakdown'!U27 | J114: ='3. Eligible Cost Breakdown'!W27 | K114: ='3. Eligible Cost Breakdown'!Y27 | L114: ='3. Eligible Cost Breakdown'!AA27 | M114: ='3. Eligible Cost Breakdown'!AC27
C115: ='3. Eligible Cost Breakdown'!C29 -> DNO Costs (£) | D115: ='3. Eligible Cost Breakdown'!K29 -> 0 | E115: ='3. Eligible Cost Breakdown'!M29 -> 0 | F115: ='3. Eligible Cost Breakdown'!O29 -> 0 | G115: ='3. Eligible Cost Breakdown'!Q29 -> 0 | H115: ='3. Eligible Cost Breakdown'!S29 -> 0 | I115: ='3. Eligible Cost Breakdown'!U29 -> 0 | J115: ='3. Eligible Cost Breakdown'!W29 -> 0 | K115: ='3. Eligible Cost Breakdown'!Y29 -> 0 | L115: ='3. Eligible Cost Breakdown'!AA29 -> 0 | M115: ='3. Eligible Cost Breakdown'!AC29 -> 0
C116: ='3. Eligible Cost Breakdown'!C30 -> % total cost | D116: ='3. Eligible Cost Breakdown'!K30 | E116: ='3. Eligible Cost Breakdown'!M30 | F116: ='3. Eligible Cost Breakdown'!O30 | G116: ='3. Eligible Cost Breakdown'!Q30 | H116: ='3. Eligible Cost Breakdown'!S30 | I116: ='3. Eligible Cost Breakdown'!U30 | J116: ='3. Eligible Cost Breakdown'!W30 | K116: ='3. Eligible Cost Breakdown'!Y30 | L116: ='3. Eligible Cost Breakdown'!AA30 | M116: ='3. Eligible Cost Breakdown'!AC30
C117: ='3. Eligible Cost Breakdown'!C32 -> Installation and Commissioning Costs (£) | D117: ='3. Eligible Cost Breakdown'!K32 -> 0 | E117: ='3. Eligible Cost Breakdown'!M32 -> 0 | F117: ='3. Eligible Cost Breakdown'!O32 -> 0 | G117: ='3. Eligible Cost Breakdown'!Q32 -> 0 | H117: ='3. Eligible Cost Breakdown'!S32 -> 0 | I117: ='3. Eligible Cost Breakdown'!U32 -> 0 | J117: ='3. Eligible Cost Breakdown'!W32 -> 0 | K117: ='3. Eligible Cost Breakdown'!Y32 -> 0 | L117: ='3. Eligible Cost Breakdown'!AA32 -> 0 | M117: ='3. Eligible Cost Breakdown'!AC32 -> 0
C118: ='3. Eligible Cost Breakdown'!C33 -> % total cost | D118: ='3. Eligible Cost Breakdown'!K33 | E118: ='3. Eligible Cost Breakdown'!M33 | F118: ='3. Eligible Cost Breakdown'!O33 | G118: ='3. Eligible Cost Breakdown'!Q33 | H118: ='3. Eligible Cost Breakdown'!S33 | I118: ='3. Eligible Cost Breakdown'!U33 | J118: ='3. Eligible Cost Breakdown'!W33 | K118: ='3. Eligible Cost Breakdown'!Y33 | L118: ='3. Eligible Cost Breakdown'!AA33 | M118: ='3. Eligible Cost Breakdown'!AC33
C120: ='3. Eligible Cost Breakdown'!C36 -> Total Project Costs (£) | D120: ='3. Eligible Cost Breakdown'!K36 -> 0 | E120: ='3. Eligible Cost Breakdown'!M36 -> 0 | F120: ='3. Eligible Cost Breakdown'!O36 -> 0 | G120: ='3. Eligible Cost Breakdown'!Q36 -> 0 | H120: ='3. Eligible Cost Breakdown'!S36 -> 0 | I120: ='3. Eligible Cost Breakdown'!U36 -> 0 | J120: ='3. Eligible Cost Breakdown'!W36 -> 0 | K120: ='3. Eligible Cost Breakdown'!Y36 -> 0 | L120: ='3. Eligible Cost Breakdown'!AA36 -> 0 | M120: ='3. Eligible Cost Breakdown'!AC36 -> 0
C121: ='3. Eligible Cost Breakdown'!C42 -> Grant amount requested | D121: ='3. Eligible Cost Breakdown'!K42 -> 0 | E121: ='3. Eligible Cost Breakdown'!M42 -> 0 | F121: ='3. Eligible Cost Breakdown'!O42 -> 0 | G121: ='3. Eligible Cost Breakdown'!Q42 -> 0 | H121: ='3. Eligible Cost Breakdown'!S42 -> 0 | I121: ='3. Eligible Cost Breakdown'!U42 -> 0 | J121: ='3. Eligible Cost Breakdown'!W42 -> 0 | K121: ='3. Eligible Cost Breakdown'!Y42 -> 0 | L121: ='3. Eligible Cost Breakdown'!AA42 -> 0 | M121: ='3. Eligible Cost Breakdown'!AC42 -> 0
C122: ='3. Eligible Cost Breakdown'!C43 -> Percentage of total costs requested (Maximum grant is 90%) | D122: ='3. Eligible Cost Breakdown'!K43 | E122: ='3. Eligible Cost Breakdown'!M43 | F122: ='3. Eligible Cost Breakdown'!O43 | G122: ='3. Eligible Cost Breakdown'!Q43 | H122: ='3. Eligible Cost Breakdown'!S43 | I122: ='3. Eligible Cost Breakdown'!U43 | J122: ='3. Eligible Cost Breakdown'!W43 | K122: ='3. Eligible Cost Breakdown'!Y43 | L122: ='3. Eligible Cost Breakdown'!AA43 | M122: ='3. Eligible Cost Breakdown'!AC43
C124: ='3. Eligible Cost Breakdown'!C49 -> Costs funded by other funding sources | D124: ='3. Eligible Cost Breakdown'!K49 -> 0 | E124: ='3. Eligible Cost Breakdown'!M49 -> 0 | F124: ='3. Eligible Cost Breakdown'!O49 -> 0 | G124: ='3. Eligible Cost Breakdown'!Q49 -> 0 | H124: ='3. Eligible Cost Breakdown'!S49 -> 0 | I124: ='3. Eligible Cost Breakdown'!U49 -> 0 | J124: ='3. Eligible Cost Breakdown'!W49 -> 0 | K124: ='3. Eligible Cost Breakdown'!Y49 -> 0 | L124: ='3. Eligible Cost Breakdown'!AA49 -> 0 | M124: ='3. Eligible Cost Breakdown'!AC49 -> 0
C125: ='3. Eligible Cost Breakdown'!C51 -> List other confirmed funding sources & amounts
C126: ='3. Eligible Cost Breakdown'!D52 -> 0 | D126: ='3. Eligible Cost Breakdown'!K52 -> 0 | E126: ='3. Eligible Cost Breakdown'!M52 -> 0 | F126: ='3. Eligible Cost Breakdown'!O52 -> 0 | G126: ='3. Eligible Cost Breakdown'!Q52 -> 0 | H126: ='3. Eligible Cost Breakdown'!S52 -> 0 | I126: ='3. Eligible Cost Breakdown'!U52 -> 0 | J126: ='3. Eligible Cost Breakdown'!W52 -> 0 | K126: ='3. Eligible Cost Breakdown'!Y52 -> 0 | L126: ='3. Eligible Cost Breakdown'!AA52 -> 0 | M126: ='3. Eligible Cost Breakdown'!AC52 -> 0
...

Sheet HP_Value
B2: Summary information and Carbon Cost Effectiveness
B3: INFO | C3: Building Number | D3: 1 | F3: 2 | H3: 3 | J3: 4 | L3: 5 | N3: 6 | P3: 7 | R3: 8 | T3: 9 | V3: 10 | X3: Totals
B4: INFO | C4: Building Name | D4: ='2. Project Details'!D6 -> 0 | F4: ='2. Project Details'!F6 -> 0 | H4: ='2. Project Details'!H6 -> 0 | J4: ='2. Project Details'!J6 -> 0 | L4: ='2. Project Details'!L6 -> 0 | N4: ='2. Project Details'!N6 -> 0 | P4: ='2. Project Details'!P6 -> 0 | R4: ='2. Project Details'!R6 -> 0 | T4: ='2. Project Details'!T6 -> 0 | V4: ='2. Project Details'!V6 -> 0
B5: INFO | C5: Building Type | D5: ='2. Project Details'!D12 -> Please select | F5: ='2. Project Details'!F12 -> Please select | H5: ='2. Project Details'!H12 -> Please select | J5: ='2. Project Details'!J12 -> Please select | L5: ='2. Project Details'!L12 -> Please select | N5: ='2. Project Details'!N12 -> Please select | P5: ='2. Project Details'!P12 -> Please select | R5: ='2. Project Details'!R12 -> Please select | T5: ='2. Project Details'!T12 -> Please select | V5: ='2. Project Details'!V12 -> Please select
B6: INFO | C6: Floor Area | D6: ='2. Project Details'!D14 -> 0 | F6: ='2. Project Details'!F14 -> 0 | H6: ='2. Project Details'!H14 -> 0 | J6: ='2. Project Details'!J14 -> 0 | L6: ='2. Project Details'!L14 -> 0 | N6: ='2. Project Details'!N14 -> 0 | P6: ='2. Project Details'!P14 -> 0 | R6: ='2. Project Details'!R14 -> 0 | T6: ='2. Project Details'!T14 -> 0 | V6: ='2. Project Details'!V14 -> 0
B8: MONEY | C8: Maximum Eligible Grant Value | D8: ='3. Eligible Cost Breakdown'!K40 -> 0 | F8: ='3. Eligible Cost Breakdown'!M40 -> 0 | H8: ='3. Eligible Cost Breakdown'!O40 -> 0 | J8: ='3. Eligible Cost Breakdown'!Q40 -> 0 | L8: ='3. Eligible Cost Breakdown'!S40 -> 0 | N8: ='3. Eligible Cost Breakdown'!U40 -> 0 | P8: ='3. Eligible Cost Breakdown'!W40 -> 0 | R8: ='3. Eligible Cost Breakdown'!Y40 -> 0 | T8: ='3. Eligible Cost Breakdown'!AA40 -> 0 | V8: ='3. Eligible Cost Breakdown'!AC40 -> 0 | X8: =_xlfn.AGGREGATE(9,7,D8,F8,H8,J8,L8,N8,P8,R8,T8,V8) -> 0
B9: MONEY | C9: Percentage Grant Request (%) | D9: ='3. Eligible Cost Breakdown'!K43 | F9: ='3. Eligible Cost Breakdown'!M43 | H9: ='3. Eligible Cost Breakdown'!O43 | J9: ='3. Eligible Cost Breakdown'!Q43 | L9: ='3. Eligible Cost Breakdown'!S43 | N9: ='3. Eligible Cost Breakdown'!U43 | P9: ='3. Eligible Cost Breakdown'!W43 | R9: ='3. Eligible Cost Breakdown'!Y43 | T9: ='3. Eligible Cost Breakdown'!AA43 | V9: ='3. Eligible Cost Breakdown'!AC43 | X9: =_xlfn.AGGREGATE(1,7,D9,F9,H9,J9,L9,N9,P9,R9,T9,V9) -> #DIV/0! | Y9: avera
B10: MONEY | C10: Grant Requested | D10: ='3. Eligible Cost Breakdown'!K42 -> 0 | F10: ='3. Eligible Cost Breakdown'!M42 -> 0 | H10: ='3. Eligible Cost Breakdown'!O42 -> 0 | J10: ='3. Eligible Cost Breakdown'!Q42 -> 0 | L10: ='3. Eligible Cost Breakdown'!S42 -> 0 | N10: ='3. Eligible Cost Breakdown'!U42 -> 0 | P10: ='3. Eligible Cost Breakdown'!W42 -> 0 | R10: ='3. Eligible Cost Breakdown'!Y42 -> 0 | T10: ='3. Eligible Cost Breakdown'!AA42 -> 0 | V10: ='3. Eligible Cost Breakdown'!AC42 -> 0 | X10: =_xlfn.AGGREGATE(9,7,D10,F10,H10,J10,L10,N10,P10,R10,T10,V10) -> 0 | Y10: =X10/$X$10 -> #DIV/0!
B11: MONEY | C11: Yr 1. | D11: ='3. Eligible Cost Breakdown'!K67 -> 0 | F11: ='3. Eligible Cost Breakdown'!M67 -> 0 | H11: ='3. Eligible Cost Breakdown'!O67 -> 0 | J11: ='3. Eligible Cost Breakdown'!Q67 -> 0 | L11: ='3. Eligible Cost Breakdown'!S67 -> 0 | N11: ='3. Eligible Cost Breakdown'!U67 -> 0 | P11: ='3. Eligible Cost Breakdown'!W67 -> 0 | R11: ='3. Eligible Cost Breakdown'!Y67 -> 0 | T11: ='3. Eligible Cost Breakdown'!AA67 -> 0 | V11: ='3. Eligible Cost Breakdown'!AC67 -> 0 | X11: ='3. Eligible Cost Breakdown'!K84 -> 0 | Y11: =X11/$X$10 -> #DIV/0!
B12: MONEY | C12: Yr. 2 | D12: ='3. Eligible Cost Breakdown'!K72 -> 0 | F12: ='3. Eligible Cost Breakdown'!M72 -> 0 | H12: ='3. Eligible Cost Breakdown'!O72 -> 0 | J12: ='3. Eligible Cost Breakdown'!Q72 -> 0 | L12: ='3. Eligible Cost Breakdown'!S72 -> 0 | N12: ='3. Eligible Cost Breakdown'!U72 -> 0 | P12: ='3. Eligible Cost Breakdown'!W72 -> 0 | R12: ='3. Eligible Cost Breakdown'!Y72 -> 0 | T12: ='3. Eligible Cost Breakdown'!AA72 -> 0 | V12: ='3. Eligible Cost Breakdown'!AC72 -> 0 | X12: ='3. Eligible Cost Breakdown'!K85 -> 0 | Y12: =X12/$X$10 -> #DIV/0!
B14: Current | D14: ='2. Project Details'!D35 &" - " & '2. Project Details'!D33 -> Please select - Please select | F14: ='2. Project Details'!F35 &" - " & '2. Project Details'!F33 -> Please select - Please select | H14: ='2. Project Details'!H35 &" - " & '2. Project Details'!H33 -> Please select - Please select | J14: ='2. Project Details'!J35 &" - " & '2. Project Details'!J33 -> Please select - Please select | L14: ='2. Project Details'!L35 &" - " & '2. Project Details'!L33 -> Please select - Please select | N14: ='2. Project Details'!N35 &" - " & '2. Project Details'!N33 -> Please select - Please select | P14: ='2. Project Details'!P35 &" - " & '2. Project Details'!P33 -> Please select - Please select | R14: ='2. Project Details'!R35 &" - " & '2. Project Details'!R33 -> Please select - Please select | T14: ='2. Project Details'!T35 &" - " & '2. Project Details'!T33 -> Please select - Please select | V14: ='2. Project Details'!V35 &" - " & '2. Project Details'!V33 -> Please select - Please select
B15: New | D15: ='2. Project Details'!D160 -> Please select | F15: ='2. Project Details'!F160 -> Please select | H15: ='2. Project Details'!H160 -> Please select | J15: ='2. Project Details'!J160 -> Please select | L15: ='2. Project Details'!L160 -> Please select | N15: ='2. Project Details'!N160 -> Please select | P15: ='2. Project Details'!P160 -> Please select | R15: ='2. Project Details'!R160 -> Please select | T15: ='2. Project Details'!T160 -> Please select | V15: ='2. Project Details'!V160 -> Please select
B17: PRICES | C17: Heat Pump Capacity (kW) | D17: ='2. Project Details'!D227 -> 0 | F17: ='2. Project Details'!F227 -> 0 | H17: ='2. Project Details'!H227 -> 0 | J17: ='2. Project Details'!J227 -> 0 | L17: ='2. Project Details'!L227 -> 0 | N17: ='2. Project Details'!N227 -> 0 | P17: ='2. Project Details'!P227 -> 0 | R17: ='2. Project Details'!R227 -> 0 | T17: ='2. Project Details'!T227 -> 0 | V17: ='2. Project Details'!V227 -> 0 | X17: =_xlfn.AGGREGATE(9,7,D17,F17,H17,J17,L17,N17,P17,R17,T17,V17) -> 0
B18: PRICES | C18: Design costs | D18: ='3. Eligible Cost Breakdown'!K13 -> 0 | F18: ='3. Eligible Cost Breakdown'!M13 -> 0 | H18: ='3. Eligible Cost Breakdown'!O13 -> 0 | J18: ='3. Eligible Cost Breakdown'!Q13 -> 0 | L18: ='3. Eligible Cost Breakdown'!S13 -> 0 | N18: ='3. Eligible Cost Breakdown'!U13 -> 0 | P18: ='3. Eligible Cost Breakdown'!W13 -> 0 | R18: ='3. Eligible Cost Breakdown'!Y13 -> 0 | T18: ='3. Eligible Cost Breakdown'!AA13 -> 0 | V18: ='3. Eligible Cost Breakdown'!AC13 -> 0 | X18: =_xlfn.AGGREGATE(9,7,D18,F18,H18,J18,L18,N18,P18,R18,T18,V18) -> 0
B19: PRICES | C19: Design Costs per KW | D19: =D18/D17 -> #DIV/0! | F19: =F18/F17 -> #DIV/0! | H19: =H18/H17 -> #DIV/0! | J19: =J18/J17 -> #DIV/0! | L19: =L18/L17 -> #DIV/0! | N19: =N18/N17 -> #DIV/0! | P19: =P18/P17 -> #DIV/0! | R19: =R18/R17 -> #DIV/0! | T19: =T18/T17 -> #DIV/0! | V19: =V18/V17 -> #DIV/0! | X19: =_xlfn.AGGREGATE(1,7,D19,F19,H19,J19,L19,N19,P19,R19,T19,V19) -> #DIV/0! | Y19: ave
B20: PRICES | C20: Equipment Costs as proxy for Heat Pump Cost (£) | D20: ='3. Eligible Cost Breakdown'!K16 -> 0 | F20: ='3. Eligible Cost Breakdown'!M16 -> 0 | H20: ='3. Eligible Cost Breakdown'!O16 -> 0 | J20: ='3. Eligible Cost Breakdown'!Q16 -> 0 | L20: ='3. Eligible Cost Breakdown'!S16 -> 0 | N20: ='3. Eligible Cost Breakdown'!U16 -> 0 | P20: ='3. Eligible Cost Breakdown'!W16 -> 0 | R20: ='3. Eligible Cost Breakdown'!Y16 -> 0 | T20: ='3. Eligible Cost Breakdown'!AA16 -> 0 | V20: ='3. Eligible Cost Breakdown'!AC16 -> 0 | X20: =_xlfn.AGGREGATE(9,7,D20,F20,H20,J20,L20,N20,P20,R20,T20,V20) -> 0
B21: PRICES | C21: Heat Pump Cost (£/kW) | D21: =D20/D17 -> #DIV/0! | F21: =F20/F17 -> #DIV/0! | H21: =H20/H17 -> #DIV/0! | J21: =J20/J17 -> #DIV/0! | L21: =L20/L17 -> #DIV/0! | N21: =N20/N17 -> #DIV/0! | P21: =P20/P17 -> #DIV/0! | R21: =R20/R17 -> #DIV/0! | T21: =T20/T17 -> #DIV/0! | V21: =V20/V17 -> #DIV/0! | X21: =_xlfn.AGGREGATE(1,7,D21,F21,H21,J21,L21,N21,P21,R21,T21,V21) -> #DIV/0! | Y21: ave
B22: PRICES | C22: Fabric Costs | D22: ='3. Eligible Cost Breakdown'!K20 -> 0 | F22: ='3. Eligible Cost Breakdown'!M20 -> 0 | H22: ='3. Eligible Cost Breakdown'!O20 -> 0 | J22: ='3. Eligible Cost Breakdown'!Q20 -> 0 | L22: ='3. Eligible Cost Breakdown'!S20 -> 0 | N22: ='3. Eligible Cost Breakdown'!U20 -> 0 | P22: ='3. Eligible Cost Breakdown'!W20 -> 0 | R22: ='3. Eligible Cost Breakdown'!Y20 -> 0 | T22: ='3. Eligible Cost Breakdown'!AA20 -> 0 | V22: ='3. Eligible Cost Breakdown'!AC20 -> 0 | X22: =_xlfn.AGGREGATE(9,7,D22,F22,H22,J22,L22,N22,P22,R22,T22,V22) -> 0
B23: PRICES | C23: Fabric Costs /KW | D23: =D22/D$17 -> #DIV/0! | F23: =F22/F$17 -> #DIV/0! | H23: =H22/H$17 -> #DIV/0! | J23: =J22/J$17 -> #DIV/0! | L23: =L22/L$17 -> #DIV/0! | N23: =N22/N$17 -> #DIV/0! | P23: =P22/P$17 -> #DIV/0! | R23: =R22/R$17 -> #DIV/0! | T23: =T22/T$17 -> #DIV/0! | V23: =V22/V$17 -> #DIV/0! | X23: =_xlfn.AGGREGATE(1,7,D23,F23,H23,J23,L23,N23,P23,R23,T23,V23) -> #DIV/0! | Y23: ave
B24: PRICES | C24: Enabling Costs | D24: ='3. Eligible Cost Breakdown'!K23 -> 0 | F24: ='3. Eligible Cost Breakdown'!M23 -> 0 | H24: ='3. Eligible Cost Breakdown'!O23 -> 0 | J24: ='3. Eligible Cost Breakdown'!Q23 -> 0 | L24: ='3. Eligible Cost Breakdown'!S23 -> 0 | N24: ='3. Eligible Cost Breakdown'!U23 -> 0 | P24: ='3. Eligible Cost Breakdown'!W23 -> 0 | R24: ='3. Eligible Cost Breakdown'!Y23 -> 0 | T24: ='3. Eligible Cost Breakdown'!AA23 -> 0 | V24: ='3. Eligible Cost Breakdown'!AC23 -> 0 | X24: =_xlfn.AGGREGATE(9,7,D24,F24,H24,J24,L24,N24,P24,R24,T24,V24) -> 0
B25: PRICES | C25: Enabling Costs /KW | D25: =D24/D$17 -> #DIV/0! | F25: =F24/F$17 -> #DIV/0! | H25: =H24/H$17 -> #DIV/0! | J25: =J24/J$17 -> #DIV/0! | L25: =L24/L$17 -> #DIV/0! | N25: =N24/N$17 -> #DIV/0! | P25: =P24/P$17 -> #DIV/0! | R25: =R24/R$17 -> #DIV/0! | T25: =T24/T$17 -> #DIV/0! | V25: =V24/V$17 -> #DIV/0! | X25: =_xlfn.AGGREGATE(1,7,D25,F25,H25,J25,L25,N25,P25,R25,T25,V25) -> #DIV/0! | Y25: ave
B26: PRICES | C26: Monitoring and Controls | D26: ='3. Eligible Cost Breakdown'!K26 -> 0 | F26: ='3. Eligible Cost Breakdown'!M26 -> 0 | H26: ='3. Eligible Cost Breakdown'!O26 -> 0 | J26: ='3. Eligible Cost Breakdown'!Q26 -> 0 | L26: ='3. Eligible Cost Breakdown'!S26 -> 0 | N26: ='3. Eligible Cost Breakdown'!U26 -> 0 | P26: ='3. Eligible Cost Breakdown'!W26 -> 0 | R26: ='3. Eligible Cost Breakdown'!Y26 -> 0 | T26: ='3. Eligible Cost Breakdown'!AA26 -> 0 | V26: ='3. Eligible Cost Breakdown'!AC26 -> 0 | X26: =_xlfn.AGGREGATE(9,7,D26,F26,H26,J26,L26,N26,P26,R26,T26,V26) -> 0
B27: PRICES | C27: MC Costs /KW | D27: =D26/D$17 -> #DIV/0! | F27: =F26/F$17 -> #DIV/0! | H27: =H26/H$17 -> #DIV/0! | J27: =J26/J$17 -> #DIV/0! | L27: =L26/L$17 -> #DIV/0! | N27: =N26/N$17 -> #DIV/0! | P27: =P26/P$17 -> #DIV/0! | R27: =R26/R$17 -> #DIV/0! | T27: =T26/T$17 -> #DIV/0! | V27: =V26/V$17 -> #DIV/0! | X27: =_xlfn.AGGREGATE(1,7,D27,F27,H27,J27,L27,N27,P27,R27,T27,V27) -> #DIV/0! | Y27: ave
B28: PRICES | C28: DNO Costs | D28: ='3. Eligible Cost Breakdown'!K29 -> 0 | F28: ='3. Eligible Cost Breakdown'!M29 -> 0 | H28: ='3. Eligible Cost Breakdown'!O29 -> 0 | J28: ='3. Eligible Cost Breakdown'!Q29 -> 0 | L28: ='3. Eligible Cost Breakdown'!S29 -> 0 | N28: ='3. Eligible Cost Breakdown'!U29 -> 0 | P28: ='3. Eligible Cost Breakdown'!W29 -> 0 | R28: ='3. Eligible Cost Breakdown'!Y29 -> 0 | T28: ='3. Eligible Cost Breakdown'!AA29 -> 0 | V28: ='3. Eligible Cost Breakdown'!AC29 -> 0 | X28: =_xlfn.AGGREGATE(9,7,D28,F28,H28,J28,L28,N28,P28,R28,T28,V28) -> 0
B29: PRICES | C29: DNO Costs per KW | D29: =D28/D$17 -> #DIV/0! | F29: =F28/F$17 -> #DIV/0! | H29: =H28/H$17 -> #DIV/0! | J29: =J28/J$17 -> #DIV/0! | L29: =L28/L$17 -> #DIV/0! | N29: =N28/N$17 -> #DIV/0! | P29: =P28/P$17 -> #DIV/0! | R29: =R28/R$17 -> #DIV/0! | T29: =T28/T$17 -> #DIV/0! | V29: =V28/V$17 -> #DIV/0! | X29: =_xlfn.AGGREGATE(1,7,D29,F29,H29,J29,L29,N29,P29,R29,T29,V29) -> #DIV/0! | Y29: ave
B30: PRICES | C30: Install Commissioning Costs | D30: ='3. Eligible Cost Breakdown'!K32 -> 0 | F30: ='3. Eligible Cost Breakdown'!M32 -> 0 | H30: ='3. Eligible Cost Breakdown'!O32 -> 0 | J30: ='3. Eligible Cost Breakdown'!Q32 -> 0 | L30: ='3. Eligible Cost Breakdown'!S32 -> 0 | N30: ='3. Eligible Cost Breakdown'!U32 -> 0 | P30: ='3. Eligible Cost Breakdown'!W32 -> 0 | R30: ='3. Eligible Cost Breakdown'!Y32 -> 0 | T30: ='3. Eligible Cost Breakdown'!AA32 -> 0 | V30: ='3. Eligible Cost Breakdown'!AC32 -> 0 | X30: =_xlfn.AGGREGATE(9,7,D30,F30,H30,J30,L30,N30,P30,R30,T30,V30) -> 0
B31: PRICES | C31: Install Commissioning Costs/KW | D31: =D30/D$17 -> #DIV/0! | F31: =F30/F$17 -> #DIV/0! | H31: =H30/H$17 -> #DIV/0! | J31: =J30/J$17 -> #DIV/0! | L31: =L30/L$17 -> #DIV/0! | N31: =N30/N$17 -> #DIV/0! | P31: =P30/P$17 -> #DIV/0! | R31: =R30/R$17 -> #DIV/0! | T31: =T30/T$17 -> #DIV/0! | V31: =V30/V$17 -> #DIV/0! | X31: =_xlfn.AGGREGATE(1,7,D31,F31,H31,J31,L31,N31,P31,R31,T31,V31) -> #DIV/0! | Y31: ave
B32: PRICES | C32: Total | D32: =SUM(D18,D20,D22,D24,D26,D28,D30) -> 0 | F32: =SUM(F18,F20,F22,F24,F26,F28,F30) -> 0 | H32: =SUM(H18,H20,H22,H24,H26,H28,H30) -> 0 | J32: =SUM(J18,J20,J22,J24,J26,J28,J30) -> 0 | L32: =SUM(L18,L20,L22,L24,L26,L28,L30) -> 0 | N32: =SUM(N18,N20,N22,N24,N26,N28,N30) -> 0 | P32: =SUM(P18,P20,P22,P24,P26,P28,P30) -> 0 | R32: =SUM(R18,R20,R22,R24,R26,R28,R30) -> 0 | T32: =SUM(T18,T20,T22,T24,T26,T28,T30) -> 0 | V32: =SUM(V18,V20,V22,V24,V26,V28,V30) -> 0 | X32: =_xlfn.AGGREGATE(9,7,D32,F32,H32,J32,L32,N32,P32,R32,T32,V32) -> 0
X33: =_xlfn.AGGREGATE(9,7,D33,F33,H33,J33,L33,N33,P33,R33,T33,V33) -> 0
B34: ENABLING | C34: Existing Heat Demand | D34: ='2. Project Details'!D94 -> 0 | F34: ='2. Project Details'!F94 -> 0 | H34: ='2. Project Details'!H94 -> 0 | J34: ='2. Project Details'!J94 -> 0 | L34: ='2. Project Details'!L94 -> 0 | N34: ='2. Project Details'!N94 -> 0 | P34: ='2. Project Details'!P94 -> 0 | R34: ='2. Project Details'!R94 -> 0 | T34: ='2. Project Details'!T94 -> 0 | V34: ='2. Project Details'!V94 -> 0 | X34: =_xlfn.AGGREGATE(9,7,D34,F34,H34,J34,L34,N34,P34,R34,T34,V34) -> 0
B35: ENABLING | C35: Post Enabling Measures reduced heat demand | D35: ='2. Project Details'!D140 -> 0 | F35: ='2. Project Details'!F140 -> 0 | H35: ='2. Project Details'!H140 -> 0 | J35: ='2. Project Details'!J140 -> 0 | L35: ='2. Project Details'!L140 -> 0 | N35: ='2. Project Details'!N140 -> 0 | P35: ='2. Project Details'!P140 -> 0 | R35: ='2. Project Details'!R140 -> 0 | T35: ='2. Project Details'!T140 -> 0 | V35: ='2. Project Details'!V140 -> 0 | X35: =_xlfn.AGGREGATE(9,7,D35,F35,H35,J35,L35,N35,P35,R35,T35,V35) -> 0
B36: ENABLING | C36: Cost of Enabling Measures | D36: ='3. Eligible Cost Breakdown'!K23 -> 0 | F36: ='3. Eligible Cost Breakdown'!M23 -> 0 | H36: ='3. Eligible Cost Breakdown'!O23 -> 0 | J36: ='3. Eligible Cost Breakdown'!Q23 -> 0 | L36: ='3. Eligible Cost Breakdown'!S23 -> 0 | N36: ='3. Eligible Cost Breakdown'!U23 -> 0 | P36: ='3. Eligible Cost Breakdown'!W23 -> 0 | R36: ='3. Eligible Cost Breakdown'!Y23 -> 0 | T36: ='3. Eligible Cost Breakdown'!AA23 -> 0 | V36: ='3. Eligible Cost Breakdown'!AC23 -> 0 | X36: =_xlfn.AGGREGATE(1,7,D36,F36,H36,J36,L36,N36,P36,R36,T36,V36) -> 0 | Y36: average
B37: ENABLING | C37: Cost per KWh decrease | D37: =IFERROR(D36/(D34-D35),"") | F37: =IFERROR(F36/(F34-F35),"") | H37: =IFERROR(H36/(H34-H35),"") | J37: =IFERROR(J36/(J34-J35),"") | L37: =IFERROR(L36/(L34-L35),"") | N37: =IFERROR(N36/(N34-N35),"") | P37: =IFERROR(P36/(P34-P35),"") | R37: =IFERROR(R36/(R34-R35),"") | T37: =IFERROR(T36/(T34-T35),"") | V37: =IFERROR(V36/(V34-V35),"") | X37: =_xlfn.AGGREGATE(1,7,D37,F37,H37,J37,L37,N37,P37,R37,T37,V37) -> #DIV/0! | Y37: average
B39: HEAT | C39: Main heat Source % service | D39: ='2. Project Details'!D223 | F39: ='2. Project Details'!F223 | H39: ='2. Project Details'!H223 | J39: ='2. Project Details'!J223 | L39: ='2. Project Details'!L223 | N39: ='2. Project Details'!N223 | P39: ='2. Project Details'!P223 | R39: ='2. Project Details'!R223 | T39: ='2. Project Details'!T223 | V39: ='2. Project Details'!V223
B40: HEAT | C40: Secondary Heat source % service | D40: ='2. Project Details'!D224 -> 0 | F40: ='2. Project Details'!F224 -> 0 | H40: ='2. Project Details'!H224 -> 0 | J40: ='2. Project Details'!J224 -> 0 | L40: ='2. Project Details'!L224 -> 0 | N40: ='2. Project Details'!N224 -> 0 | P40: ='2. Project Details'!P224 -> 0 | R40: ='2. Project Details'!R224 -> 0 | T40: ='2. Project Details'!T224 -> 0 | V40: ='2. Project Details'!V224 -> 0
B41: HEAT | C41: Further heat source % service | D41: ='2. Project Details'!D225 -> 0 | F41: ='2. Project Details'!F225 -> 0 | H41: ='2. Project Details'!H225 -> 0 | J41: ='2. Project Details'!J225 -> 0 | L41: ='2. Project Details'!L225 -> 0 | N41: ='2. Project Details'!N225 -> 0 | P41: ='2. Project Details'!P225 -> 0 | R41: ='2. Project Details'!R225 -> 0 | T41: ='2. Project Details'!T225 -> 0 | V41: ='2. Project Details'!V225 -> 0
B42: HEAT | C42: Proposed heat output (total) | D42: ='2. Project Details'!D219 -> 0 | F42: ='2. Project Details'!F168 -> 0 | H42: ='2. Project Details'!H168 -> 0 | J42: ='2. Project Details'!J168 -> 0 | L42: ='2. Project Details'!L168 -> 0 | N42: ='2. Project Details'!N168 -> 0 | P42: ='2. Project Details'!P168 -> 0 | R42: ='2. Project Details'!R168 -> 0 | T42: ='2. Project Details'!T168 -> 0 | V42: ='2. Project Details'!V168 -> 0 | X42: =_xlfn.AGGREGATE(9,7,D42,F42,H42,J42,L42,N42,P42,R42,T42,V42) -> 0
B43: HEAT | C43: % of 'reduced heat demand' | D43: ='2. Project Details'!D221 | F43: ='2. Project Details'!F221 | H43: ='2. Project Details'!H221 | J43: ='2. Project Details'!J221 | L43: ='2. Project Details'!L221 | N43: ='2. Project Details'!N221 | P43: ='2. Project Details'!P221 | R43: ='2. Project Details'!R221 | T43: ='2. Project Details'!T221 | V43: ='2. Project Details'!V221 | X43: =_xlfn.AGGREGATE(1,7,D43,F43,H43,J43,L43,N43,P43,R43,T43,V43) -> #DIV/0! | Y43: average
B44: HEAT | C44: heat demand/KW installed | D44: =D42/D17 -> #DIV/0! | E44: KWH/KW | F44: =F42/F17 -> #DIV/0! | G44: KWH/KW | H44: =H42/H17 -> #DIV/0! | I44: KWH/KW | J44: =J42/J17 -> #DIV/0! | K44: KWH/KW | L44: =L42/L17 -> #DIV/0! | M44: KWH/KW | N44: =N42/N17 -> #DIV/0! | O44: KWH/KW | P44: =P42/P17 -> #DIV/0! | Q44: KWH/KW | R44: =R42/R17 -> #DIV/0! | S44: KWH/KW | T44: =T42/T17 -> #DIV/0! | U44: KWH/KW | V44: =V42/V17 -> #DIV/0! | X44: =_xlfn.AGGREGATE(1,7,D44,F44,H44,J44,L44,N44,P44,R44,T44,V44) -> #DIV/0! | Y44: average
B45: HEAT | C45: FTE (% of year running to supply heat demand) | D45: =(D42/D17)/(365*24) -> #DIV/0! | F45: =(F42/F17)/(365*24) -> #DIV/0! | H45: =(H42/H17)/(365*24) -> #DIV/0! | J45: =(J42/J17)/(365*24) -> #DIV/0! | L45: =(L42/L17)/(365*24) -> #DIV/0! | N45: =(N42/N17)/(365*24) -> #DIV/0! | P45: =(P42/P17)/(365*24) -> #DIV/0! | R45: =(R42/R17)/(365*24) -> #DIV/0! | T45: =(T42/T17)/(365*24) -> #DIV/0! | V45: =(V42/V17)/(365*24) -> #DIV/0! | X45: =_xlfn.AGGREGATE(1,7,D45,F45,H45,J45,L45,N45,P45,R45,T45,V45) -> #DIV/0! | Y45: average
B46: HEAT | C46: Weighted Average SCOP | D46: ='2. Project Details'!D170*'2. Project Details'!D223+'2. Project Details'!D190*'2. Project Details'!D224+'2. Project Details'!D211*'2. Project Details'!D225 -> #VALUE! | F46: ='2. Project Details'!F170*'2. Project Details'!F223+'2. Project Details'!F190*'2. Project Details'!F224+'2. Project Details'!F211*'2. Project Details'!F225 -> #VALUE! | H46: ='2. Project Details'!H170*'2. Project Details'!H223+'2. Project Details'!H190*'2. Project Details'!H224+'2. Project Details'!H211*'2. Project Details'!H225 -> #VALUE! | J46: ='2. Project Details'!J170*'2. Project Details'!J223+'2. Project Details'!J190*'2. Project Details'!J224+'2. Project Details'!J211*'2. Project Details'!J225 -> #VALUE! | L46: ='2. Project Details'!L170*'2. Project Details'!L223+'2. Project Details'!L190*'2. Project Details'!L224+'2. Project Details'!L211*'2. Project Details'!L225 -> #VALUE! | N46: ='2. Project Details'!N170*'2. Project Details'!N223+'2. Project Details'!N190*'2. Project Details'!N224+'2. Project Details'!N211*'2. Project Details'!N225 -> #VALUE! | P46: ='2. Project Details'!P170*'2. Project Details'!P223+'2. Project Details'!P190*'2. Project Details'!P224+'2. Project Details'!P211*'2. Project Details'!P225 -> #VALUE! | R46: ='2. Project Details'!R170*'2. Project Details'!R223+'2. Project Details'!R190*'2. Project Details'!R224+'2. Project Details'!R211*'2. Project Details'!R225 -> #VALUE! | T46: ='2. Project Details'!T170*'2. Project Details'!T223+'2. Project Details'!T190*'2. Project Details'!T224+'2. Project Details'!T211*'2. Project Details'!T225 -> #VALUE! | V46: ='2. Project Details'!V170*'2. Project Details'!V223+'2. Project Details'!V190*'2. Project Details'!V224+'2. Project Details'!V211*'2. Project Details'!V225 -> #VALUE! | X46: =_xlfn.AGGREGATE(1,7,D46,F46,H46,J46,L46,N46,P46,R46,T46,V46) -> #DIV/0! | Y46: average
B47: HEAT | C47: Design Flow Temp | D47: ='2. Project Details'!D112 -> 0 | F47: ='2. Project Details'!F112 -> 0 | H47: ='2. Project Details'!H112 -> 0 | J47: ='2. Project Details'!J112 -> 0 | L47: ='2. Project Details'!L112 -> 0 | N47: ='2. Project Details'!N112 -> 0 | P47: ='2. Project Details'!P112 -> 0 | R47: ='2. Project Details'!R112 -> 0 | T47: ='2. Project Details'!T112 -> 0 | V47: ='2. Project Details'!V112 -> 0 | X47: =_xlfn.AGGREGATE(1,7,D47,F47,H47,J47,L47,N47,P47,R47,T47,V47) -> 0 | Y47: average
B48: HEAT | C48: Current boiler eff (weighted average) | D48: ='2. Project Details'!D43*'2. Project Details'!D100+'2. Project Details'!D63*'2. Project Details'!D101+'2. Project Details'!D83*'2. Project Details'!D102 -> #VALUE! | F48: ='2. Project Details'!F43*'2. Project Details'!F100+'2. Project Details'!F63*'2. Project Details'!F101+'2. Project Details'!F83*'2. Project Details'!F102 -> #VALUE! | H48: ='2. Project Details'!H43*'2. Project Details'!H100+'2. Project Details'!H63*'2. Project Details'!H101+'2. Project Details'!H83*'2. Project Details'!H102 -> #VALUE! | J48: ='2. Project Details'!J43*'2. Project Details'!J100+'2. Project Details'!J63*'2. Project Details'!J101+'2. Project Details'!J83*'2. Project Details'!J102 -> #VALUE! | L48: ='2. Project Details'!L43*'2. Project Details'!L100+'2. Project Details'!L63*'2. Project Details'!L101+'2. Project Details'!L83*'2. Project Details'!L102 -> #VALUE! | N48: ='2. Project Details'!N43*'2. Project Details'!N100+'2. Project Details'!N63*'2. Project Details'!N101+'2. Project Details'!N83*'2. Project Details'!N102 -> #VALUE! | P48: ='2. Project Details'!P43*'2. Project Details'!P100+'2. Project Details'!P63*'2. Project Details'!P101+'2. Project Details'!P83*'2. Project Details'!P102 -> #VALUE! | R48: ='2. Project Details'!R43*'2. Project Details'!R100+'2. Project Details'!R63*'2. Project Details'!R101+'2. Project Details'!R83*'2. Project Details'!R102 -> #VALUE! | T48: ='2. Project Details'!T43*'2. Project Details'!T100+'2. Project Details'!T63*'2. Project Details'!T101+'2. Project Details'!T83*'2. Project Details'!T102 -> #VALUE! | V48: ='2. Project Details'!V43*'2. Project Details'!V100+'2. Project Details'!V63*'2. Project Details'!V101+'2. Project Details'!V83*'2. Project Details'!V102 -> #VALUE!
X49: =_xlfn.AGGREGATE(9,7,D49,F49,H49,J49,L49,N49,P49,R49,T49,V49) -> 0
B50: METRICS | C50: 1 yr Carbon saved (kgCO2e) | D50: ='2. Project Details'!D96-'2. Project Details'!D231 -> #N/A | F50: ='2. Project Details'!F96-'2. Project Details'!F231 -> #N/A | H50: ='2. Project Details'!H96-'2. Project Details'!H231 -> #N/A | J50: ='2. Project Details'!J96-'2. Project Details'!J231 -> #N/A | L50: ='2. Project Details'!L96-'2. Project Details'!L231 -> #N/A | N50: ='2. Project Details'!N96-'2. Project Details'!N231 -> #N/A | P50: ='2. Project Details'!P96-'2. Project Details'!P231 -> #N/A | R50: ='2. Project Details'!R96-'2. Project Details'!R231 -> #N/A | T50: ='2. Project Details'!T96-'2. Project Details'!T231 -> #N/A | V50: ='2. Project Details'!V96-'2. Project Details'!V231 -> #N/A | X50: =_xlfn.AGGREGATE(9,7,D50,F50,H50,J50,L50,N50,P50,R50,T50,V50) -> 0
B51: METRICS | C51: Lifetime | D51: 15 | F51: 15 | H51: 15 | J51: 15 | L51: 15 | N51: 15 | P51: 15 | R51: 15 | T51: 15 | V51: 15 | X51: =_xlfn.AGGREGATE(1,7,D51,F51,H51,J51,L51,N51,P51,R51,T51,V51) -> 15 | Y51: ave
B52: METRICS | C52: 15 yr Lifetime Carbon Saved | D52: ='2. Project Details'!D237 | F52: ='2. Project Details'!F237 | H52: ='2. Project Details'!H237 | J52: ='2. Project Details'!J237 | L52: ='2. Project Details'!L237 | N52: ='2. Project Details'!N237 | P52: ='2. Project Details'!P237 | R52: ='2. Project Details'!R237 | T52: ='2. Project Details'!T237 | V52: ='2. Project Details'!V237 | X52: =_xlfn.AGGREGATE(9,7,D52,F52,H52,J52,L52,N52,P52,R52,T52,V52) -> 0
B53: METRICS | C53: £ / KW (all costs) | D53: =D32/D17 -> #DIV/0! | F53: =F32/F17 -> #DIV/0! | H53: =H32/H17 -> #DIV/0! | J53: =J32/J17 -> #DIV/0! | L53: =L32/L17 -> #DIV/0! | N53: =N32/N17 -> #DIV/0! | P53: =P32/P17 -> #DIV/0! | R53: =R32/R17 -> #DIV/0! | T53: =T32/T17 -> #DIV/0! | V53: =V32/V17 -> #DIV/0! | X53: =_xlfn.AGGREGATE(1,7,D53,F53,H53,J53,L53,N53,P53,R53,T53,V53) -> #DIV/0! | Y53: ave
B54: METRICS | C54: £ equipment grant per kgCO2e saved | D54: =D20/D52 -> #VALUE! | F54: =F20/F52 -> #VALUE! | H54: =H20/H52 -> #VALUE! | J54: =J20/J52 -> #VALUE! | L54: =L20/L52 -> #VALUE! | N54: =N20/N52 -> #VALUE! | P54: =P20/P52 -> #VALUE! | R54: =R20/R52 -> #VALUE! | T54: =T20/T52 -> #VALUE! | V54: =V20/V52 -> #VALUE! | X54: =_xlfn.AGGREGATE(1,7,D54,F54,H54,J54,L54,N54,P54,R54,T54,V54) -> #DIV/0! | Y54: ave
B55: METRICS | C55: £ install - design - enabling costs per kgCO2e saved | D55: =(D18+D30+D26)/D52 -> #VALUE! | F55: =(F18+F30+F26)/F52 -> #VALUE! | H55: =(H18+H30+H26)/H52 -> #VALUE! | J55: =(J18+J30+J26)/J52 -> #VALUE! | L55: =(L18+L30+L26)/L52 -> #VALUE! | N55: =(N18+N30+N26)/N52 -> #VALUE! | P55: =(P18+P30+P26)/P52 -> #VALUE! | R55: =(R18+R30+R26)/R52 -> #VALUE! | T55: =(T18+T30+T26)/T52 -> #VALUE! | V55: =(V18+V30+V26)/V52 -> #VALUE! | X55: =_xlfn.AGGREGATE(1,7,D55,F55,H55,J55,L55,N55,P55,R55,T55,V55) -> #DIV/0! | Y55: ave

Sheet TechnicalDeskReview
A2: LCHG Application Review | D2: Scoring Guidelines
D3: 5 | E3: Excellent - evidence, confidence, efficient, value
A4: Applicant | B4: ='1. Applicant Details'!E48 -> 0 | D4: 4 | E4: Good -
A5: Ref | D5: 3 | E5: Average -
A6: Reviewed By | D6: 2 | E6: Poor -
A7: Date | D7: 1 | E7: Weak - unsupported claims or contrary facts between outputs wanted and design plans , concern about delivery/maturity to spec and to deadline, poor design efficiency, poor value for money, unnecessary complications or high risk
A9: Summary
A11: Ref | B11: Building Name | C11: Grant Value | D11: Not Eligible? | E11: Score | F11: Notes:
A12: Building 1 | B12: ='2. Project Details'!D6 -> 0 | C12: ='3. Eligible Cost Breakdown'!K36 -> 0 | E12: =PRODUCT(C32,C39,C44,C49) -> 0
A13: Building 2 | B13: ='2. Project Details'!F6 -> 0 | C13: ='3. Eligible Cost Breakdown'!M36 -> 0 | E13: =PRODUCT(H32,H39,H44,H49) -> 0
A14: Building 3 | B14: ='2. Project Details'!H6 -> 0 | C14: ='3. Eligible Cost Breakdown'!O36 -> 0 | E14: =PRODUCT(M32,M39,M44,M49) -> 0
A15: Building 4 | B15: ='2. Project Details'!J6 -> 0 | C15: ='3. Eligible Cost Breakdown'!Q36 -> 0 | E15: =PRODUCT(R32,R39,R44,R49) -> 0
A16: Building 5 | B16: ='2. Project Details'!L6 -> 0 | C16: ='3. Eligible Cost Breakdown'!S36 -> 0 | E16: =PRODUCT(W32,W39,W44,W49) -> 0
A17: Building 6 | B17: ='2. Project Details'!N6 -> 0 | C17: ='3. Eligible Cost Breakdown'!U36 -> 0 | E17: =PRODUCT(AB32,AB39,AB44,AB49) -> 0
A18: Building 7 | B18: ='2. Project Details'!P6 -> 0 | C18: ='3. Eligible Cost Breakdown'!W36 -> 0 | E18: =PRODUCT(AG32,AG39,AG44,AG49) -> 0
A19: Building 8 | B19: ='2. Project Details'!R6 -> 0 | C19: ='3. Eligible Cost Breakdown'!Y36 -> 0 | E19: =PRODUCT(AL32,AL39,AL44,AL49) -> 0
A20: Building 9 | B20: ='2. Project Details'!T6 -> 0 | C20: ='3. Eligible Cost Breakdown'!AA36 -> 0 | E20: =PRODUCT(AQ32,AQ39,AQ44,AQ49) -> 0
A21: Building 10 | B21: ='2. Project Details'!V6 -> 0 | C21: ='3. Eligible Cost Breakdown'!AC36 -> 0 | E21: =PRODUCT(AV32,AV39,AV44,AV49) -> 0
A22: Total | C22: =SUM(C12:C21) -> 0
A24: Review Detail
A26: Building 1 | B26: =B12 -> 0 | F26: Building 2 | G26: =B13 -> 0 | K26: Building 3 | L26: =B14 -> 0 | P26: Building 4 | Q26: =B15 -> 0 | U26: Building 5 | V26: =B16 -> 0 | Z26: Building 6 | AA26: =B17 -> 0 | AE26: Building 7 | AF26: =B18 -> 0 | AJ26: Building 8 | AK26: =B19 -> 0 | AO26: Building 9 | AP26: =B20 -> 0 | AT26: Building 10 | AU26: =B21 -> 0
A28: Compliance | B28: Review | C28: Pass | D28: Fail | F28: Compliance | G28: Review | H28: Pass | I28: Fail | K28: Compliance | L28: Review | M28: Pass | N28: Fail | P28: Compliance | Q28: Review | R28: Pass | S28: Fail | U28: Compliance | V28: Review | W28: Pass | X28: Fail | Z28: Compliance | AA28: Review | AB28: Pass | AC28: Fail | AE28: Compliance | AF28: Review | AG28: Pass | AH28: Fail | AJ28: Compliance | AK28: Review | AL28: Pass | AM28: Fail | AO28: Compliance | AP28: Review | AQ28: Pass | AR28: Fail | AT28: Compliance | AU28: Review | AV28: Pass | AW28: Fail
A29: C1 | B29: Planning Permission Achieved | F29: C1 | G29: Planning Permission Achieved | K29: C1 | L29: Planning Permission Achieved | P29: C1 | Q29: Planning Permission Achieved | U29: C1 | V29: Planning Permission Achieved | Z29: C1 | AA29: Planning Permission Achieved | AE29: C1 | AF29: Planning Permission Achieved | AJ29: C1 | AK29: Planning Permission Achieved | AO29: C1 | AP29: Planning Permission Achieved | AT29: C1 | AU29: Planning Permission Achieved
A30: C2 | B30: DNO Engagement Achieved | F30: C2 | G30: DNO Engagement Achieved | K30: C2 | L30: DNO Engagement Achieved | P30: C2 | Q30: DNO Engagement Achieved | U30: C2 | V30: DNO Engagement Achieved | Z30: C2 | AA30: DNO Engagement Achieved | AE30: C2 | AF30: DNO Engagement Achieved | AJ30: C2 | AK30: DNO Engagement Achieved | AO30: C2 | AP30: DNO Engagement Achieved | AT30: C2 | AU30: DNO Engagement Achieved
A31: C3 | B31: Design Stage RIBA Stage Achieved | F31: C3 | G31: Design Stage RIBA Stage Achieved | K31: C3 | L31: Design Stage RIBA Stage Achieved | P31: C3 | Q31: Design Stage RIBA Stage Achieved | U31: C3 | V31: Design Stage RIBA Stage Achieved | Z31: C3 | AA31: Design Stage RIBA Stage Achieved | AE31: C3 | AF31: Design Stage RIBA Stage Achieved | AJ31: C3 | AK31: Design Stage RIBA Stage Achieved | AO31: C3 | AP31: Design Stage RIBA Stage Achieved | AT31: C3 | AU31: Design Stage RIBA Stage Achieved
A32: SCORE | C32: 0 | F32: SCORE | H32: 0 | K32: SCORE | M32: 0 | P32: SCORE | R32: 0 | U32: SCORE | W32: 0 | Z32: SCORE | AB32: 0 | AE32: SCORE | AG32: 0 | AJ32: SCORE | AL32: 0 | AO32: SCORE | AQ32: 0 | AT32: SCORE | AV32: 0
A34: Technology | B34: Review | C34: Pass | D34: Fail | F34: Technology | G34: Review | H34: Pass | I34: Fail | K34: Technology | L34: Review | M34: Pass | N34: Fail | P34: Technology | Q34: Review | R34: Pass | S34: Fail | U34: Technology | V34: Review | W34: Pass | X34: Fail | Z34: Technology | AA34: Review | AB34: Pass | AC34: Fail | AE34: Technology | AF34: Review | AG34: Pass | AH34: Fail | AJ34: Technology | AK34: Review | AL34: Pass | AM34: Fail | AO34: Technology | AP34: Review | AQ34: Pass | AR34: Fail | AT34: Technology | AU34: Review | AV34: Pass | AW34: Fail
A35: T1 | B35: Fabric included | F35: T1 | G35: Fabric included | K35: T1 | L35: Fabric included | P35: T1 | Q35: Fabric included | U35: T1 | V35: Fabric included | Z35: T1 | AA35: Fabric included | AE35: T1 | AF35: Fabric included | AJ35: T1 | AK35: Fabric included | AO35: T1 | AP35: Fabric included | AT35: T1 | AU35: Fabric included
A36: T2 | B36: Distribution upgrade included | F36: T2 | G36: Distribution upgrade included | K36: T2 | L36: Distribution upgrade included | P36: T2 | Q36: Distribution upgrade included | U36: T2 | V36: Distribution upgrade included | Z36: T2 | AA36: Distribution upgrade included | AE36: T2 | AF36: Distribution upgrade included | AJ36: T2 | AK36: Distribution upgrade included | AO36: T2 | AP36: Distribution upgrade included | AT36: T2 | AU36: Distribution upgrade included
A37: T3 | B37: heat Pump temperature 35-55°C | F37: T3 | G37: heat Pump temperature 35-55°C | K37: T3 | L37: heat Pump temperature 35-55°C | P37: T3 | Q37: heat Pump temperature 35-55°C | U37: T3 | V37: heat Pump temperature 35-55°C | Z37: T3 | AA37: heat Pump temperature 35-55°C | AE37: T3 | AF37: heat Pump temperature 35-55°C | AJ37: T3 | AK37: heat Pump temperature 35-55°C | AO37: T3 | AP37: heat Pump temperature 35-55°C | AT37: T3 | AU37: heat Pump temperature 35-55°C
A38: T4 | B38: Seasonal CoP higher than 2.5 | F38: T4 | G38: Seasonal CoP higher than 2.5 | K38: T4 | L38: Seasonal CoP higher than 2.5 | P38: T4 | Q38: Seasonal CoP higher than 2.5 | U38: T4 | V38: Seasonal CoP higher than 2.5 | Z38: T4 | AA38: Seasonal CoP higher than 2.5 | AE38: T4 | AF38: Seasonal CoP higher than 2.5 | AJ38: T4 | AK38: Seasonal CoP higher than 2.5 | AO38: T4 | AP38: Seasonal CoP higher than 2.5 | AT38: T4 | AU38: Seasonal CoP higher than 2.5
A39: SCORE | C39: 0 | F39: SCORE | H39: 0 | K39: SCORE | M39: 0 | P39: SCORE | R39: 0 | U39: SCORE | W39: 0 | Z39: SCORE | AB39: 0 | AE39: SCORE | AG39: 0 | AJ39: SCORE | AL39: 0 | AO39: SCORE | AQ39: 0 | AT39: SCORE | AV39: 0
A41: Value | B41: Review | C41: Pass | D41: Fail | F41: Value | G41: Review | H41: Pass | I41: Fail | K41: Value | L41: Review | M41: Pass | N41: Fail | P41: Value | Q41: Review | R41: Pass | S41: Fail | U41: Value | V41: Review | W41: Pass | X41: Fail | Z41: Value | AA41: Review | AB41: Pass | AC41: Fail | AE41: Value | AF41: Review | AG41: Pass | AH41: Fail | AJ41: Value | AK41: Review | AL41: Pass | AM41: Fail | AO41: Value | AP41: Review | AQ41: Pass | AR41: Fail | AT41: Value | AU41: Review | AV41: Pass | AW41: Fail
A42: V1 | B42: £/kg CO2e Saved | F42: V1 | G42: £/kg CO2e Saved | K42: V1 | L42: £/kg CO2e Saved | P42: V1 | Q42: £/kg CO2e Saved | U42: V1 | V42: £/kg CO2e Saved | Z42: V1 | AA42: £/kg CO2e Saved | AE42: V1 | AF42: £/kg CO2e Saved | AJ42: V1 | AK42: £/kg CO2e Saved | AO42: V1 | AP42: £/kg CO2e Saved | AT42: V1 | AU42: £/kg CO2e Saved
A43: V2 | B43: £/kW Peak | F43: V2 | G43: £/kW Peak | K43: V2 | L43: £/kW Peak | P43: V2 | Q43: £/kW Peak | U43: V2 | V43: £/kW Peak | Z43: V2 | AA43: £/kW Peak | AD43: oversized | AE43: V2 | AF43: £/kW Peak | AJ43: V2 | AK43: £/kW Peak | AO43: V2 | AP43: £/kW Peak | AT43: V2 | AU43: £/kW Peak
A44: SCORE | C44: 0 | F44: SCORE | H44: 0 | K44: SCORE | M44: 0 | P44: SCORE | R44: 0 | U44: SCORE | W44: 0 | Z44: SCORE | AB44: 0 | AE44: SCORE | AG44: 0 | AJ44: SCORE | AL44: 0 | AO44: SCORE | AQ44: 0 | AT44: SCORE | AV44: 0
A46: Delivery | B46: Review | C46: Pass | D46: Fail | F46: Delivery | G46: Review | H46: Pass | I46: Fail | K46: Delivery | L46: Review | M46: Pass | N46: Fail | P46: Delivery | Q46: Review | R46: Pass | S46: Fail | U46: Delivery | V46: Review | W46: Pass | X46: Fail | Z46: Delivery | AA46: Review | AB46: Pass | AC46: Fail | AE46: Delivery | AF46: Review | AG46: Pass | AH46: Fail | AJ46: Delivery | AK46: Review | AL46: Pass | AM46: Fail | AO46: Delivery | AP46: Review | AQ46: Pass | AR46: Fail | AT46: Delivery | AU46: Review | AV46: Pass | AW46: Fail
A47: D1 | B47: Completion by 31 March 2026 | F47: D1 | G47: Completion by 31 March 2026 | K47: D1 | L47: Completion by 31 March 2026 | P47: D1 | Q47: Completion by 31 March 2026 | U47: D1 | V47: Completion by 31 March 2026 | Z47: D1 | AA47: Completion by 31 March 2026 | AE47: D1 | AF47: Completion by 31 March 2026 | AJ47: D1 | AK47: Completion by 31 March 2026 | AO47: D1 | AP47: Completion by 31 March 2026 | AT47: D1 | AU47: Completion by 31 March 2026
A48: D2 | B48: Procurement partner in place | F48: D2 | G48: Procurement partner in place | K48: D2 | L48: Procurement partner in place | P48: D2 | Q48: Procurement partner in place | U48: D2 | V48: Procurement partner in place | Z48: D2 | AA48: Procurement partner in place | AE48: D2 | AF48: Procurement partner in place | AJ48: D2 | AK48: Procurement partner in place | AO48: D2 | AP48: Procurement partner in place | AT48: D2 | AU48: Procurement partner in place
A49: SCORE | C49: 0 | F49: SCORE | H49: 0 | K49: SCORE | M49: 0 | P49: SCORE | R49: 0 | U49: SCORE | W49: 0 | Z49: SCORE | AB49: 0 | AE49: SCORE | AG49: 0 | AJ49: SCORE | AL49: 0 | AO49: SCORE | AQ49: 0 | AT49: SCORE | AV49: 0
A55: Recommendation | B55: Name | C55: Score | D55: Pass/Fail | E55: Reason
A56: Building 1 | B56: =B12 -> 0
A57: Building 2 | B57: =B13 -> 0
A58: Building 3 | B58: =B14 -> 0
A59: Building 4 | B59: =B15 -> 0
A60: Building 5 | B60: =B16 -> 0
A61: Building 6 | B61: =B17 -> 0
A62: Building 7 | B62: =B18 -> 0
A63: Building 8 | B63: =B19 -> 0
A64: Building 9 | B64: =B20 -> 0
A65: Building 10 | B65: =B21 -> 0
A67: Feedback | B67: Items
A68: 1
A69: 2
A70: 3
A71: 4
A72: 5
A73: 6
A74: 7
A75: 8
A76: 9
A77: 10
A79: Non-eligible Items | B79: Items
A80: 1
A81: 2
A82: 3
A83: 4
A84: 5
A85: 6
A86: 7
A87: 8
A88: 9
A89: 10

Sheet ClarificationCall
A1: DEFAULT questions for the clarification call
B3: Administration: | C3: Checkbox | D3: Notes for tracker
B4: 1. Who is the project manager who will run the project administratively? (there is monthly check-in reporting, risks to be managed, decisions to be made, invoices to be sent, higher management buy-in) | C4: FALSE
B5: 2. Do you have clear lines of responsibility and communications between you (the applicant) and your subcontractors (and they each other)? | C5: FALSE
B6: 3. Do you have buy-in and the support of higher management and leadership? | C6: FALSE
B7: 4. Do you have the 'right' procurement for direct award/tender/pre-approved(preferred) contractor and the amounts asked for? | C7: FALSE
B8: 5. How far along are you with designs? | C8: FALSE
B9: 6. How far along are you with DNO engagement? | C9: FALSE
B10: 7. How far along are you with Planning engagement? | C10: FALSE
C11: FALSE
B12: Financial: | C12: FALSE
B13: 1. VAT? Our default position is that you will reclaim VAT, and so the grant will be ex.VAT. Please tell us if this is not the case or is complicated. | C13: FALSE
B14: 2. Do you have contingency funding? (for delays , unidentified problems, last minute upgrades) | C14: FALSE
B15: 3. Ineligible costs? | C15: FALSE
B16: 4. Does the grantee and the contractor understand your requirements to follow your regular drawdown schedule? (invoicing regularly so planned invoicing) | C16: FALSE
C17: FALSE
B18: Technical: | C18: FALSE
B19: 1. Can you deliver by the deadline (end March 20XX)? | C19: FALSE
B20: 2. Could your lead times lead to a significant delay? | C20: FALSE
B21: 3. Asbestos? | C21: FALSE
B22: 4. Safe storage for heat pumps and tanks bought now but will be installed at a later date? | C22: FALSE
B23: 5. Fabric upgrades are part of the design or part of the future design to drive your SCOP up? | C23: FALSE
B24: 6. Plinths and fences? Noise reduction fencing? | C24: FALSE
B25: 7. Who will provide technical oversight of contractors work and commissioning? | C25: FALSE

Sheet Lists
A1: FRONTEND | B1: General use | G1: Sheet 1. Applicant Details | J1: Sheet 2. Project Details | U1: Sheet 3.Eligible Costs Breakdwon | X1: Back End Application Form
A2: Empty line-> | B2: Please select | C2: Please select | D2: Please select | E2: Please select | G2: Please select | H2: Please select | J2: Please select | K2: Please select | L2: Please select | M2: Please select | N2: Please select | O2: Please select | P2: Please select | Q2: Please select | R2: Please select | S2: Please select | U2: Date
B3: Yes | C3: Pass | D3: Confirm | E3: Welsh | G3: 1 | H3: In contract - EnPC (sub-contractors confirmed) | J3: Care Home | K3: Boilers | L3: Natural gas | M3: Heating (top-up) | N3: 70 | O3: 1 | P3: Heat pump - air source | Q3: Planning permission obtained | R3: In contract - EnPC (sub-contractors confirmed) | S3: No upgrades - DNO confirmed | U3: 45772
B4: No | C4: Fail | D4: Cannot Confirm | E4: English | G4: 2 | H4: In contract - EnPC (sub-contractors tbc) | J4: Community Centre | K4: Direct-fired hot water heater | L4: LPG | M4: Hot Water | N4: 65 | O4: 0.95 | P4: Heat pump - ground source | Q4: Planning permission applied | R4: In contract - EnPC (sub-contractors tbc) | S4: DNO - upgrades in contract | U4: 45802
C5: Clarifications Needed | G5: 3 | H5: In contract - turnkey provider | J5: Depot | K5: Combined heat & power | L5: Kerosene | M5: Other | N5: 60 | O5: 0.9 | P5: Heat pump - groundwater source | Q5: Planning application being developed | R5: In contract - turnkey provider | S5: DNO - firm quote received | U5: 45833
G6: 4 | H6: Tender complete - preferred bidder for install | J6: Exhibition Venue | K6: Electric heater (direct for space heating) | L6: Gas oil | N6: 55 | O6: 0.85 | P6: Heat pump - water source | Q6: Permitted development - confirmed with planning department | R6: Tender complete - preferred bidder for install | S6: DNO - full application submitted | U6: 45863
G7: 5 | H7: Design complete - softmarket test for install | J7: Historic | K7: Other | L7: Electricity | N7: 50 | O7: 0.8 | P7: Heat pump - dual staged - air then water | Q7: Permitted development - deemed | R7: Design complete - softmarket test for install | S7: DNO - initial quote received | U7: 45894
G8: 6 | H8: Design complete - estimated install costs only | J8: Leisure Centre (with pool) | N8: 45 | O8: 0.75 | P8: Heat pump - high-temp air source | Q8: Planning unknown | R8: Design complete - estimated install costs only | S8: DNO - initial quote requested | U8: 45925
G9: 7 | H9: No design complete - internal estimate of costs | J9: Leisure Centre (without pool) | N9: 40 | O9: 0.7 | P9: Electric boiler | R9: No design complete - internal estimate of costs | S9: DNO - engaged and positive response | U9: 45955
G10: 8 | J10: Library | O10: 0.65 | P10: Direct electric heaters | S10: DNO - not engaged | U10: 45986
G11: 9 | J11: Offices | O11: 0.6 | P11: Biomass | U11: 46016
G12: 10 | J12: Other | P12: Biogas | U12: 46047
J13: Primary School | P13: Connection to existing district heat network | U13: 46078
J14: Secondary School | U14: 46106
J15: Secondary School with pool | U15: 46137
U16: 46167
J17: list should match the list in the Application Tracker exactly | U17: 46198
U18: 46228
U19: 46259
U20: 46290
U21: 46320
U22: 46351
U23: 46381
U24: 46412
U25: 46443
U26: 46471
U29: date list should match the funding period

Sheet Calculation_factors
B2: Fuel Lookup for LCH Tech | E2: Lifetime CO2 (15 years) | F2: kg CO2e | H2: 1year CO2 (202X) | K2: Factors
H3: Year | I3: 2025 | K3: kg CO2 / kWh
E4: Lifetime of project (years) | F4: 15 | AD4: Fuel types | AE4: Building 1 | AF4: Building 2 | AG4: Building 3 | AH4: Building 4 | AI4: Building 5 | AJ4: Building 6 | AK4: Building 7 | AL4: Building 8 | AM4: Building 9 | AN4: Building 10
B5: Heat pump - air source | C5: Electricity | F5: sum for next x years | V5: FOR REFERENCE PREVIOUS ELECTRICIT CARBON FIGURES | AD5: Natural Gas | AE5: =(IF('2. Project Details'!D35="Natural gas",'2. Project Details'!D45,0)+IF('2. Project Details'!D57="Natural gas",'2. Project Details'!D65,0)+((IF('2. Project Details'!D77="Natural gas",'2. Project Details'!D85,0)))) -> 0 | AF5: =(IF('2. Project Details'!F35="Natural gas",'2. Project Details'!F45,0)+IF('2. Project Details'!F57="Natural gas",'2. Project Details'!F65,0)+((IF('2. Project Details'!F77="Natural gas",'2. Project Details'!F85,0)))) -> 0 | AG5: =(IF('2. Project Details'!H35="Natural gas",'2. Project Details'!H45,0)+IF('2. Project Details'!H57="Natural gas",'2. Project Details'!H65,0)+((IF('2. Project Details'!H77="Natural gas",'2. Project Details'!H85,0)))) -> 0 | AH5: =(IF('2. Project Details'!J35="Natural gas",'2. Project Details'!J45,0)+IF('2. Project Details'!J57="Natural gas",'2. Project Details'!J65,0)+((IF('2. Project Details'!J77="Natural gas",'2. Project Details'!J85,0)))) -> 0 | AI5: =(IF('2. Project Details'!L35="Natural gas",'2. Project Details'!L45,0)+IF('2. Project Details'!L57="Natural gas",'2. Project Details'!L65,0)+((IF('2. Project Details'!L77="Natural gas",'2. Project Details'!L85,0)))) -> 0 | AJ5: =(IF('2. Project Details'!N35="Natural gas",'2. Project Details'!N45,0)+IF('2. Project Details'!N57="Natural gas",'2. Project Details'!N65,0)+((IF('2. Project Details'!N77="Natural gas",'2. Project Details'!N85,0)))) -> 0 | AK5: =(IF('2. Project Details'!P35="Natural gas",'2. Project Details'!P45,0)+IF('2. Project Details'!P57="Natural gas",'2. Project Details'!P65,0)+((IF('2. Project Details'!P77="Natural gas",'2. Project Details'!P85,0)))) -> 0 | AL5: =(IF('2. Project Details'!R35="Natural gas",'2. Project Details'!R45,0)+IF('2. Project Details'!R57="Natural gas",'2. Project Details'!R65,0)+((IF('2. Project Details'!R77="Natural gas",'2. Project Details'!R85,0)))) -> 0 | AM5: =(IF('2. Project Details'!T35="Natural gas",'2. Project Details'!T45,0)+IF('2. Project Details'!T57="Natural gas",'2. Project Details'!T65,0)+((IF('2. Project Details'!T77="Natural gas",'2. Project Details'!T85,0)))) -> 0 | AN5: =(IF('2. Project Details'!V35="Natural gas",'2. Project Details'!V45,0)+IF('2. Project Details'!V57="Natural gas",'2. Project Details'!V65,0)+((IF('2. Project Details'!V77="Natural gas",'2. Project Details'!V85,0)))) -> 0
B6: Heat pump - ground source | C6: Electricity | E6: Electricity | F6: =SUM(_xlfn.CHOOSEROWS(INDEX($L$7:$S$33,,MATCH($E6,$L$6:$S$6,0)),_xlfn.SEQUENCE($F$4,1,($I$3-$K$7)+1,1))) -> 1.9366745 | H6: Electricity | I6: =INDEX($L$7:$S$33,MATCH($I$3,$K$7:$K$33,0),MATCH($H6,$L$6:$S$6,0)) -> 0.19553 | K6: Year | L6: Electricity | M6: Biomass | N6: Biogas | O6: District Heat | P6: Natural gas | Q6: LPG | R6: Kerosene | S6: Gas oil | V6: 2024 | AD6: Grid Electricity | AE6: =(IF('2. Project Details'!D36="Electric",'2. Project Details'!#REF!,0)+IF('2. Project Details'!D58="Electric",'2. Project Details'!#REF!,0)+((IF('2. Project Details'!D78="Electric",'2. Project Details'!D91,0)))) -> 0 | AF6: =(IF('2. Project Details'!F36="Electric",'2. Project Details'!#REF!,0)+IF('2. Project Details'!F58="Electric",'2. Project Details'!#REF!,0)+((IF('2. Project Details'!F78="Electric",'2. Project Details'!F91,0)))) -> 0 | AG6: =(IF('2. Project Details'!H36="Electric",'2. Project Details'!#REF!,0)+IF('2. Project Details'!H58="Electric",'2. Project Details'!#REF!,0)+((IF('2. Project Details'!H78="Electric",'2. Project Details'!H91,0)))) -> 0 | AH6: =(IF('2. Project Details'!J36="Electric",'2. Project Details'!#REF!,0)+IF('2. Project Details'!J58="Electric",'2. Project Details'!#REF!,0)+((IF('2. Project Details'!J78="Electric",'2. Project Details'!J91,0)))) -> 0 | AI6: =(IF('2. Project Details'!L36="Electric",'2. Project Details'!#REF!,0)+IF('2. Project Details'!L58="Electric",'2. Project Details'!#REF!,0)+((IF('2. Project Details'!L78="Electric",'2. Project Details'!L91,0)))) -> 0 | AJ6: =(IF('2. Project Details'!N36="Electric",'2. Project Details'!#REF!,0)+IF('2. Project Details'!N58="Electric",'2. Project Details'!#REF!,0)+((IF('2. Project Details'!N78="Electric",'2. Project Details'!N91,0)))) -> 0 | AK6: =(IF('2. Project Details'!P36="Electric",'2. Project Details'!#REF!,0)+IF('2. Project Details'!P58="Electric",'2. Project Details'!#REF!,0)+((IF('2. Project Details'!P78="Electric",'2. Project Details'!P91,0)))) -> 0 | AL6: =(IF('2. Project Details'!R36="Electric",'2. Project Details'!#REF!,0)+IF('2. Project Details'!R58="Electric",'2. Project Details'!#REF!,0)+((IF('2. Project Details'!R78="Electric",'2. Project Details'!R91,0)))) -> 0 | AM6: =(IF('2. Project Details'!T36="Electric",'2. Project Details'!#REF!,0)+IF('2. Project Details'!T58="Electric",'2. Project Details'!#REF!,0)+((IF('2. Project Details'!T78="Electric",'2. Project Details'!T91,0)))) -> 0 | AN6: =(IF('2. Project Details'!V36="Electric",'2. Project Details'!#REF!,0)+IF('2. Project Details'!V58="Electric",'2. Project Details'!#REF!,0)+((IF('2. Project Details'!V78="Electric",'2. Project Details'!V91,0)))) -> 0
B7: Heat pump - groundwater source | C7: Electricity | E7: Biomass | F7: =SUM(_xlfn.CHOOSEROWS(INDEX($L$7:$S$33,,MATCH($E7,$L$6:$S$6,0)),_xlfn.SEQUENCE($F$4,1,($I$3-$K$7)+1,1))) -> 0.1725 | H7: Biomass | I7: =INDEX($L$7:$S$33,MATCH($I$3,$K$7:$K$33,0),MATCH($H7,$L$6:$S$6,0)) -> 0.0115 | K7: 2025 | L7: 0.19553 | M7: 0.0115 | N7: 0.00022 | O7: 0.17073 | P7: 0.18296 | Q7: 0.2145 | R7: 0.24677 | S7: 0.2565 | U7: Year 0 | V7: 0.22535 | AD7: Gas Oil | AE7: =IF('2. Project Details'!D35="Kerosene",'2. Project Details'!D45,0)+IF('2. Project Details'!D57="Kerosene",'2. Project Details'!D45,0)+((IF('2. Project Details'!D77="Kerosene",'2. Project Details'!D85,0))) -> 0 | AF7: =IF('2. Project Details'!F35="Kerosene",'2. Project Details'!F45,0)+IF('2. Project Details'!F57="Kerosene",'2. Project Details'!F45,0)+((IF('2. Project Details'!F77="Kerosene",'2. Project Details'!F85,0))) -> 0 | AG7: =IF('2. Project Details'!H35="Kerosene",'2. Project Details'!H45,0)+IF('2. Project Details'!H57="Kerosene",'2. Project Details'!H45,0)+((IF('2. Project Details'!H77="Kerosene",'2. Project Details'!H85,0))) -> 0 | AH7: =IF('2. Project Details'!J35="Kerosene",'2. Project Details'!J45,0)+IF('2. Project Details'!J57="Kerosene",'2. Project Details'!J45,0)+((IF('2. Project Details'!J77="Kerosene",'2. Project Details'!J85,0))) -> 0 | AI7: =IF('2. Project Details'!L35="Kerosene",'2. Project Details'!L45,0)+IF('2. Project Details'!L57="Kerosene",'2. Project Details'!L45,0)+((IF('2. Project Details'!L77="Kerosene",'2. Project Details'!L85,0))) -> 0 | AJ7: =IF('2. Project Details'!N35="Kerosene",'2. Project Details'!N45,0)+IF('2. Project Details'!N57="Kerosene",'2. Project Details'!N45,0)+((IF('2. Project Details'!N77="Kerosene",'2. Project Details'!N85,0))) -> 0 | AK7: =IF('2. Project Details'!P35="Kerosene",'2. Project Details'!P45,0)+IF('2. Project Details'!P57="Kerosene",'2. Project Details'!P45,0)+((IF('2. Project Details'!P77="Kerosene",'2. Project Details'!P85,0))) -> 0 | AL7: =IF('2. Project Details'!R35="Kerosene",'2. Project Details'!R45,0)+IF('2. Project Details'!R57="Kerosene",'2. Project Details'!R45,0)+((IF('2. Project Details'!R77="Kerosene",'2. Project Details'!R85,0))) -> 0 | AM7: =IF('2. Project Details'!T35="Kerosene",'2. Project Details'!T45,0)+IF('2. Project Details'!T57="Kerosene",'2. Project Details'!T45,0)+((IF('2. Project Details'!T77="Kerosene",'2. Project Details'!T85,0))) -> 0 | AN7: =IF('2. Project Details'!V35="Kerosene",'2. Project Details'!V45,0)+IF('2. Project Details'!V57="Kerosene",'2. Project Details'!V45,0)+((IF('2. Project Details'!V77="Kerosene",'2. Project Details'!V85,0))) -> 0
B8: Heat pump - water source | C8: Electricity | E8: Biogas | F8: =SUM(_xlfn.CHOOSEROWS(INDEX($L$7:$S$33,,MATCH($E8,$L$6:$S$6,0)),_xlfn.SEQUENCE($F$4,1,($I$3-$K$7)+1,1))) -> 0.0033 | H8: Biogas | I8: =INDEX($L$7:$S$33,MATCH($I$3,$K$7:$K$33,0),MATCH($H8,$L$6:$S$6,0)) -> 0.00022 | K8: 2026 | L8: 0.19401215 | M8: 0.0115 | N8: 0.00022 | O8: 0.17073 | P8: 0.18296 | Q8: 0.2145 | R8: 0.24677 | S8: 0.2565 | U8: Year 1 | V8: 0.21721324 | AD8: LPG | AE8: =IF('2. Project Details'!D35="LPG",'2. Project Details'!D45,0)+IF('2. Project Details'!D57="LPG",'2. Project Details'!D45,0)+((IF('2. Project Details'!D77="LPG",'2. Project Details'!D85,0))) -> 0 | AF8: =IF('2. Project Details'!F35="LPG",'2. Project Details'!F45,0)+IF('2. Project Details'!F57="LPG",'2. Project Details'!F45,0)+((IF('2. Project Details'!F77="LPG",'2. Project Details'!F85,0))) -> 0 | AG8: =IF('2. Project Details'!H35="LPG",'2. Project Details'!H45,0)+IF('2. Project Details'!H57="LPG",'2. Project Details'!H45,0)+((IF('2. Project Details'!H77="LPG",'2. Project Details'!H85,0))) -> 0 | AH8: =IF('2. Project Details'!J35="LPG",'2. Project Details'!J45,0)+IF('2. Project Details'!J57="LPG",'2. Project Details'!J45,0)+((IF('2. Project Details'!J77="LPG",'2. Project Details'!J85,0))) -> 0 | AI8: =IF('2. Project Details'!L35="LPG",'2. Project Details'!L45,0)+IF('2. Project Details'!L57="LPG",'2. Project Details'!L45,0)+((IF('2. Project Details'!L77="LPG",'2. Project Details'!L85,0))) -> 0 | AJ8: =IF('2. Project Details'!N35="LPG",'2. Project Details'!N45,0)+IF('2. Project Details'!N57="LPG",'2. Project Details'!N45,0)+((IF('2. Project Details'!N77="LPG",'2. Project Details'!N85,0))) -> 0 | AK8: =IF('2. Project Details'!P35="LPG",'2. Project Details'!P45,0)+IF('2. Project Details'!P57="LPG",'2. Project Details'!P45,0)+((IF('2. Project Details'!P77="LPG",'2. Project Details'!P85,0))) -> 0 | AL8: =IF('2. Project Details'!R35="LPG",'2. Project Details'!R45,0)+IF('2. Project Details'!R57="LPG",'2. Project Details'!R45,0)+((IF('2. Project Details'!R77="LPG",'2. Project Details'!R85,0))) -> 0 | AM8: =IF('2. Project Details'!T35="LPG",'2. Project Details'!T45,0)+IF('2. Project Details'!T57="LPG",'2. Project Details'!T45,0)+((IF('2. Project Details'!T77="LPG",'2. Project Details'!T85,0))) -> 0 | AN8: =IF('2. Project Details'!V35="LPG",'2. Project Details'!V45,0)+IF('2. Project Details'!V57="LPG",'2. Project Details'!V45,0)+((IF('2. Project Details'!V77="LPG",'2. Project Details'!V85,0))) -> 0
B9: Heat pump - dual staged - air then water | C9: Electricity | E9: District Heat | F9: =SUM(_xlfn.CHOOSEROWS(INDEX($L$7:$S$33,,MATCH($E9,$L$6:$S$6,0)),_xlfn.SEQUENCE($F$4,1,($I$3-$K$7)+1,1))) -> 2.56095 | H9: District Heat | I9: =INDEX($L$7:$S$33,MATCH($I$3,$K$7:$K$33,0),MATCH($H9,$L$6:$S$6,0)) -> 0.17073 | K9: 2027 | L9: 0.19805454 | M9: 0.0115 | N9: 0.00022 | O9: 0.17073 | P9: 0.18296 | Q9: 0.2145 | R9: 0.24677 | S9: 0.2565 | U9: Year 2 | V9: 0.21552707
B10: Heat pump - high-temp air source | C10: Electricity | E10: Natural gas | F10: =SUM(_xlfn.CHOOSEROWS(INDEX($L$7:$S$33,,MATCH($E10,$L$6:$S$6,0)),_xlfn.SEQUENCE($F$4,1,($I$3-$K$7)+1,1))) -> 2.7444 | H10: Natural gas | I10: =INDEX($L$7:$S$33,MATCH($I$3,$K$7:$K$33,0),MATCH($H10,$L$6:$S$6,0)) -> 0.18296 | K10: 2028 | L10: 0.18817591 | M10: 0.0115 | N10: 0.00022 | O10: 0.17073 | P10: 0.18296 | Q10: 0.2145 | R10: 0.24677 | S10: 0.2565 | U10: Year 3 | V10: 0.22001773
B11: Electric boiler | C11: Electricity | E11: LPG | F11: =SUM(_xlfn.CHOOSEROWS(INDEX($L$7:$S$33,,MATCH($E11,$L$6:$S$6,0)),_xlfn.SEQUENCE($F$4,1,($I$3-$K$7)+1,1))) -> 3.2175 | H11: LPG | I11: =INDEX($L$7:$S$33,MATCH($I$3,$K$7:$K$33,0),MATCH($H11,$L$6:$S$6,0)) -> 0.2145 | K11: 2029 | L11: 0.16286469 | M11: 0.0115 | N11: 0.00022 | O11: 0.17073 | P11: 0.18296 | Q11: 0.2145 | R11: 0.24677 | S11: 0.2565 | U11: Year 4 | V11: 0.20904362
B12: Direct electric heaters | C12: Electricity | E12: Kerosene | F12: =SUM(_xlfn.CHOOSEROWS(INDEX($L$7:$S$33,,MATCH($E12,$L$6:$S$6,0)),_xlfn.SEQUENCE($F$4,1,($I$3-$K$7)+1,1))) -> 3.70155 | H12: Kerosene | I12: =INDEX($L$7:$S$33,MATCH($I$3,$K$7:$K$33,0),MATCH($H12,$L$6:$S$6,0)) -> 0.24677 | K12: 2030 | L12: 0.15891633 | M12: 0.0115 | N12: 0.00022 | O12: 0.17073 | P12: 0.18296 | Q12: 0.2145 | R12: 0.24677 | S12: 0.2565 | U12: Year 5 | V12: 0.18092552
B13: Biomass | C13: Biomass | E13: Gas oil | F13: =SUM(_xlfn.CHOOSEROWS(INDEX($L$7:$S$33,,MATCH($E13,$L$6:$S$6,0)),_xlfn.SEQUENCE($F$4,1,($I$3-$K$7)+1,1))) -> 3.8475 | H13: Gas oil | I13: =INDEX($L$7:$S$33,MATCH($I$3,$K$7:$K$33,0),MATCH($H13,$L$6:$S$6,0)) -> 0.2565 | K13: 2031 | L13: 0.13951001 | M13: 0.0115 | N13: 0.00022 | O13: 0.17073 | P13: 0.18296 | Q13: 0.2145 | R13: 0.24677 | S13: 0.2565 | U13: Year 6 | V13: 0.17653931
B14: Biogas | C14: Biogas | E14: *Sam Wright-Green updates these figures in the Report Writing Tool yearly (on June 2025 this year) as part of his annual checks on carbon factors | K14: 2032 | L14: 0.1131911 | M14: 0.0115 | N14: 0.00022 | O14: 0.17073 | P14: 0.18296 | Q14: 0.2145 | R14: 0.24677 | S14: 0.2565 | U14: Year 7 | V14: 0.15498093
B15: Connection to existing district heat network | C15: District Heat | E15: *Steffan Cook then moves those figures into the application form | K15: 2033 | L15: 0.11039231 | M15: 0.0115 | N15: 0.00022 | O15: 0.17073 | P15: 0.18296 | Q15: 0.2145 | R15: 0.24677 | S15: 0.2565 | U15: Year 8 | V15: 0.1257434
E16: (recent: July 2025) | K16: 2034 | L16: 0.10007405 | M16: 0.0115 | N16: 0.00022 | O16: 0.17073 | P16: 0.18296 | Q16: 0.2145 | R16: 0.24677 | S16: 0.2565 | U16: Year 9 | V16: 0.12263423
K17: 2035 | L17: 0.081303493 | M17: 0.0115 | N17: 0.00022 | O17: 0.17073 | P17: 0.18296 | Q17: 0.2145 | R17: 0.24677 | S17: 0.2565 | U17: Year 10 | V17: 0.11117173
K18: 2036 | L18: 0.073473432 | M18: 0.0115 | N18: 0.00022 | O18: 0.17073 | P18: 0.18296 | Q18: 0.2145 | R18: 0.24677 | S18: 0.2565 | U18: Year 11 | V18: 0.090319619
K19: 2037 | L19: 0.077633873 | M19: 0.0115 | N19: 0.00022 | O19: 0.17073 | P19: 0.18296 | Q19: 0.2145 | R19: 0.24677 | S19: 0.2565 | U19: Year 12 | V19: 0.081621245
K20: 2038 | L20: 0.074321021 | M20: 0.0115 | N20: 0.00022 | O20: 0.17073 | P20: 0.18296 | Q20: 0.2145 | R20: 0.24677 | S20: 0.2565 | U20: Year 13 | V20: 0.086243057
K21: 2039 | L21: 0.069221609 | M21: 0.0115 | N21: 0.00022 | O21: 0.17073 | P21: 0.18296 | Q21: 0.2145 | R21: 0.24677 | S21: 0.2565 | U21: Year 14 | V21: 0.082562828
K22: 2040 | L22: 0.06555928 | M22: 0.0115 | N22: 0.00022 | O22: 0.17073 | P22: 0.18296 | Q22: 0.2145 | R22: 0.24677 | S22: 0.2565 | U22: Year 15 | V22: 0.076897918
K23: 2041 | L23: 0.064618643 | M23: 0.0115 | N23: 0.00022 | O23: 0.17073 | P23: 0.18296 | Q23: 0.2145 | R23: 0.24677 | S23: 0.2565 | U23: Year 16 | V23: 0.072829456
K24: 2042 | L24: 0.063628844 | M24: 0.0115 | N24: 0.00022 | O24: 0.17073 | P24: 0.18296 | Q24: 0.2145 | R24: 0.24677 | S24: 0.2565 | U24: Year 17 | V24: 0.071784507
K25: 2043 | L25: 0.058986802 | M25: 0.0115 | N25: 0.00022 | O25: 0.17073 | P25: 0.18296 | Q25: 0.2145 | R25: 0.24677 | S25: 0.2565 | U25: Year 18 | V25: 0.070684945
K26: 2044 | L26: 0.057949462 | M26: 0.0115 | N26: 0.00022 | O26: 0.17073 | P26: 0.18296 | Q26: 0.2145 | R26: 0.24677 | S26: 0.2565 | U26: Year 19 | V26: 0.065528125
K27: 2045 | L27: 0.056543056 | M27: 0.0115 | N27: 0.00022 | O27: 0.17073 | P27: 0.18296 | Q27: 0.2145 | R27: 0.24677 | S27: 0.2565 | U27: Year 20 | V27: 0.06437575
K28: 2046 | L28: 0.052856881 | M28: 0.0115 | N28: 0.00022 | O28: 0.17073 | P28: 0.18296 | Q28: 0.2145 | R28: 0.24677 | S28: 0.2565 | U28: Year 21 | V28: 0.06281338
... K33: 2051 | L33: 0.045229295 | M33: 0.0115 | N33: 0.00022 | O33: 0.17073 | P33: 0.18296 | Q33: 0.2145 | R33: 0.24677 | S33: 0.2565 | U33: Year 26 | V33: 0.050244984
K35: *Electricity factor follows a National grid FES 'Counterfactual' grid decarbonistion scenario for % drop between each year. DESNZ 2025 factor is used as the base.
K39: 15year running totals
K40: starting year
K41: Year | L41: Electricity | M41: Biomass | N41: Biogas | O41: District Heat | P41: Natural gas | Q41: LPG | R41: Kerosene | S41: Gas oil
K42: 2025 | L42: =SUM(L7:L21) -> 1.9366745 | M42: =SUM(M7:M21) -> 0.1725 | N42: =SUM(N7:N21) -> 0.0033 | O42: =SUM(O7:O21) -> 2.56095 | P42: =SUM(P7:P21) -> 2.7444 | Q42: =SUM(Q7:Q21) -> 3.2175 | R42: =SUM(R7:R21) -> 3.70155 | S42: =SUM(S7:S21) -> 3.8475
K43: 2026 | L43: =SUM(L8:L22) -> 1.8067038 | M43: =SUM(M8:M22) -> 0.1725 | N43: =SUM(N8:N22) -> 0.0033 | O43: =SUM(O8:O22) -> 2.56095 | P43: =SUM(P8:P22) -> 2.7444 | Q43: =SUM(Q8:Q22) -> 3.2175 | R43: =SUM(R8:R22) -> 3.70155 | S43: =SUM(S8:S22) -> 3.8475
K44: 2027 | L44: =SUM(L9:L23) -> 1.6773103 | M44: =SUM(M9:M23) -> 0.1725 | N44: =SUM(N9:N23) -> 0.0033 | O44: =SUM(O9:O23) -> 2.56095 | P44: =SUM(P9:P23) -> 2.7444 | Q44: =SUM(Q9:Q23) -> 3.2175 | R44: =SUM(R9:R23) -> 3.70155 | S44: =SUM(S9:S23) -> 3.8475
K45: 2028 | L45: =SUM(L10:L24) -> 1.5428846 | M45: =SUM(M10:M24) -> 0.1725 | N45: =SUM(N10:N24) -> 0.0033 | O45: =SUM(O10:O24) -> 2.56095 | P45: =SUM(P10:P24) -> 2.7444 | Q45: =SUM(Q10:Q24) -> 3.2175 | R45: =SUM(R10:R24) -> 3.70155 | S45: =SUM(S10:S24) -> 3.8475
K46: 2029 | L46: =SUM(L11:L25) -> 1.4136955 | M46: =SUM(M11:M25) -> 0.1725 | N46: =SUM(N11:N25) -> 0.0033 | O46: =SUM(O11:O25) -> 2.56095 | P46: =SUM(P11:P25) -> 2.7444 | Q46: =SUM(Q11:Q25) -> 3.2175 | R46: =SUM(R11:R25) -> 3.70155 | S46: =SUM(S11:S25) -> 3.8475
K47: 2030 | L47: =SUM(L12:L26) -> 1.3087803 | M47: =SUM(M12:M26) -> 0.1725 | N47: =SUM(N12:N26) -> 0.0033 | O47: =SUM(O12:O26) -> 2.56095 | P47: =SUM(P12:P26) -> 2.7444 | Q47: =SUM(Q12:Q26) -> 3.2175 | R47: =SUM(R12:R26) -> 3.70155 | S47: =SUM(S12:S26) -> 3.8475
K48: 2031 | L48: =SUM(L13:L27) -> 1.206407 | M48: =SUM(M13:M27) -> 0.1725 | N48: =SUM(N13:N27) -> 0.0033 | O48: =SUM(O13:O27) -> 2.56095 | P48: =SUM(P13:P27) -> 2.7444 | Q48: =SUM(Q13:Q27) -> 3.2175 | R48: =SUM(R13:R27) -> 3.70155 | S48: =SUM(S13:S27) -> 3.8475
K49: 2032 | L49: =SUM(L14:L28) -> 1.1197539 | M49: =SUM(M14:M28) -> 0.1725 | N49: =SUM(N14:N28) -> 0.0033 | O49: =SUM(O14:O28) -> 2.56095 | P49: =SUM(P14:P28) -> 2.7444 | Q49: =SUM(Q14:Q28) -> 3.2175 | R49: =SUM(R14:R28) -> 3.70155 | S49: =SUM(S14:S28) -> 3.8475
K50: 2033 | L50: =SUM(L15:L29) -> 1.056897 | M50: =SUM(M15:M29) -> 0.1725 | N50: =SUM(N15:N29) -> 0.0033 | O50: =SUM(O15:O29) -> 2.56095 | P50: =SUM(P15:P29) -> 2.7444 | Q50: =SUM(Q15:Q29) -> 3.2175 | R50: =SUM(R15:R29) -> 3.70155 | S50: =SUM(S15:S29) -> 3.8475
K51: 2034 | L51: =SUM(L16:L30) -> 0.9960722 | M51: =SUM(M16:M30) -> 0.1725 | N51: =SUM(N16:N30) -> 0.0033 | O51: =SUM(O16:O30) -> 2.56095 | P51: =SUM(P16:P30) -> 2.7444 | Q51: =SUM(Q16:Q30) -> 3.2175 | R51: =SUM(R16:R30) -> 3.70155 | S51: =SUM(S16:S30) -> 3.8475
K52: 2035 | L52: =SUM(L17:L31) -> 0.94063519 | M52: =SUM(M17:M31) -> 0.1725 | N52: =SUM(N17:N31) -> 0.0033 | O52: =SUM(O17:O31) -> 2.56095 | P52: =SUM(P17:P31) -> 2.7444 | Q52: =SUM(Q17:Q31) -> 3.2175 | R52: =SUM(R17:R31) -> 3.70155 | S52: =SUM(S17:S31) -> 3.8475
K53: 2036 | L53: =SUM(L18:L32) -> 0.904561 | M53: =SUM(M18:M32) -> 0.1725 | N53: =SUM(N18:N32) -> 0.0033 | O53: =SUM(O18:O32) -> 2.56095 | P53: =SUM(P18:P32) -> 2.7444 | Q53: =SUM(Q18:Q32) -> 3.2175 | R53: =SUM(R18:R32) -> 3.70155 | S53: =SUM(S18:S32) -> 3.8475
K54: 2037 | L54: =SUM(L19:L33) -> 0.87631686 | M54: =SUM(M19:M33) -> 0.1725 | N54: =SUM(N19:N33) -> 0.0033 | O54: =SUM(O19:O33) -> 2.56095 | P54: =SUM(P19:P33) -> 2.7444 | Q54: =SUM(Q19:Q33) -> 3.2175 | R54: =SUM(R19:R33) -> 3.70155 | S54: =SUM(S19:S33) -> 3.8475
